 Dungeon Crawl Stone Soup version 0.27-a0-475-g4587593e40 (webtiles) character file.

Game seed: 2395132297638712154

1255482 Sizif the Sabretooth (level 27, -2/161 HPs)
             Began as a Felid Enchanter on Mar 1, 2021.
             Was the Champion of Ashenzari.
             Hit by a silver javelin thrown by a merfolk javelineer (15 damage)
             ... summoned by a monstrous corrupter
             ... summoned by a shadow demon
             ... led by Gloorx Vloq
             ... in Pandemonium on Mar 2, 2021.
             The game lasted 12:43:38 (197075 turns).

Sizif the Sabretooth (Felid Enchanter)            Turns: 197075, Time: 12:43:38

Health: -2/161     AC: 32    Str:  3 (4)  XL:     27
Magic:  33/33      EV: 49    Int: 34 (35) God:    Ashenzari [******]
Gold:   8232       SH:  0    Dex: 20      Spells: 6/64 levels left
                                        Lives:  0   Deaths: 9

rFire    + . .     SeeInvis +     - Unarmed
rCold    + + .     Faith    .   (shield unavailable)
rNeg     + . .     Spirit   .   (armour unavailable)
rPois    ∞         Reflect  .   (helmet unavailable)
rElec    +         Harm     .   (cloak unavailable)
rCorr    .         Rampage  .   (gloves unavailable)
Will     ++++.     Clarity  +   (boots unavailable)
Stlth    ++++++++..             E - amulet "Autotheism of Ashenzari" {RegenMP Int+5, Elem, Bglg} (curse)
HPRegen  0.00/turn              Z - ring of the Esoteric Pleiades {rF+, Melee, Self} (curse)
MPRegen  0.48/turn              m - ring "Cosmic Sybil" {Int+6, Self, Bglg} (curse)

@: statue-form, studying 2 skills, very slow
A: very small, no armour, no weapons or thrown items, stealth, antennae 1, claws
1, fangs 3, see invisible, berserk 1, clever 1, cold resistance 2, deterioration
1, [dopey 2], frail 1, low mp 1[+2], sense surroundings 1, screaming 1,
inhibited regeneration, subdued magic 1[+2], sharp paws
}: 13/15 runes: decaying, slimy, silver, golden, iron, obsidian, icy, bone,
glowing, magical, fiery, dark, gossamer
a: End Transformation, Renounce Religion, Shatter the Chains


You were in Pandemonium.
You worshipped Ashenzari.
Ashenzari was exalted by your worship.
You were a stone statue.
You visited 18 branches of the dungeon, and saw 90 of its levels.
You visited Pandemonium 2 times, and saw 21 of its levels.
You visited the Abyss 1 time.
You visited 2 bazaars.
You also visited: Bailey, Volcano and Wizlab.

You collected 12346 gold pieces.
You spent 4114 gold pieces at shops.

Inventory:

Jewellery
 a - the ring of Jealousy {+Fly Int+4}
   (You found it on level 5 of the Pits of Slime)

   [ring of flight]

   It affects your intelligence (+4).
   It lets you fly.
 d - the ring "Kygirig" {rCorr Str+4}
   (You found it on level 7 of Tartarus)

   [ring of resist corrosion]

   It affects your strength (+4).
   It provides partial protection from all sources of acid and corrosion.
 h - a ring of magical power
 i - a ring of flight
 m - the cursed ring "Cosmic Sybil" (right paw) {Int+6, Self, Bglg}
   (You found it on level 3 of the Dungeon)

   [ring of intelligence]

   It affects your intelligence (+6).
   It has a curse placed upon it.
 n - the macabre finger necklace {rN+}
   (You took it off an ironheart preserver on level 5 of the Vaults)

   [amulet of nothing]

   It enables you to equip an extra ring.
   It protects you from negative energy.
 t - the ring of Ijuun {rN+++ Dex-5 Slay+4}
   (You took it off a yaktaur captain on level 5 of the Vaults)

   [ring of slaying]

   It affects your dexterity (-5).
   It affects your accuracy and damage with ranged weapons and melee attacks
   (+4).
   It renders you almost immune to negative energy.
 x - the amulet of Ephemeral Luck {rPois rC+ Regen+ Int+4 Slay-3}
   (You found it on level 3 of the Elven Halls)

   [amulet of regeneration]

   It affects your intelligence (+4).
   It affects your accuracy and damage with ranged weapons and melee attacks
   (-3).
   It protects you from cold.
   It protects you from poison.
   It increases your rate of regeneration.
 A - the ring of Owkeqix {rElec rPois Str-3 Int+3 SInv}
   (You took it off a vault warden on level 5 of the Vaults)

   [ring of see invisible]

   It affects your strength (-3).
   It affects your intelligence (+3).
   It insulates you from electricity.
   It protects you from poison.
   It lets you see invisible.
 E - the cursed amulet "Autotheism of Ashenzari" (around neck) {RegenMP Int+5, Elem, Bglg}
   (You found it on level 7 of Cocytus)

   [amulet of magic regeneration]

   It increases your magic regeneration.
   It affects your intelligence (+5).
   It has a curse placed upon it.
 F - the amulet of Xonauch {rF+ rN+ Regen+ Dex-5 Stlth+}
   (You found it on level 3 of the Crypt)

   [amulet of regeneration]

   It affects your dexterity (-5).
   It protects you from fire.
   It protects you from negative energy.
   It increases your rate of regeneration.
   It makes you more stealthy.
 Q - an amulet of the acrobat
 R - the ring "Lufank" {rElec rC++ rN+ SInv Stlth-}
   (You found it on level 3 of the Crypt)

   [ring of positive energy]

   It greatly protects you from cold.
   It insulates you from electricity.
   It protects you from negative energy.
   It lets you see invisible.
   It makes you less stealthy.
 Z - the cursed ring of the Esoteric Pleiades (left paw) {rF+, Melee, Self}
   (You found it on level 13 of the Dungeon)

   [ring of protection from fire]

   It protects you from fire.
   It has a curse placed upon it.
Wands
 v - a wand of paralysis (46)
 y - a wand of iceblast (36)
 K - a wand of polymorph (68)
 M - a wand of acid (30)
 W - a wand of charming (18)
 X - a wand of digging (12)
Scrolls
 c - 19 scrolls of amnesia
 g - 7 scrolls of fog
 p - 10 scrolls of immolation
 u - 6 scrolls of magic mapping
 G - 6 scrolls of noise
 H - 6 scrolls of torment
 N - 7 scrolls of vulnerability
 O - a scroll of silence
 P - 4 scrolls of summoning
 S - 9 scrolls of fear
 V - 3 scrolls of holy word
Potions
 b - 3 potions of haste
 e - 14 potions of attraction
 f - 4 potions of curing {@q1}
 k - a potion of flight
 o - 5 potions of might
 q - 4 potions of invisibility
 r - 2 potions of cancellation
 w - 5 potions of resistance
 z - 4 potions of magic
 C - 7 potions of mutation
 J - 9 potions of brilliance
 L - 7 potions of lignification
Miscellaneous
 j - a tin of tremorstones (2/2)
 s - a condenser vane
 D - a figurine of a ziggurat
 I - a phial of floods
 T - a box of beasts
 Y - a phantom mirror


   Skills:
 - Level 21.6(27) Fighting
 O Level 27 Dodging
 - Level 22.2 Stealth
 O Level 27 Unarmed Combat
 - Level 19.0(27) Spellcasting
 - Level 17.6(25.7) Conjurations
 - Level 10.0(18.7) Hexes
 + Level 25.9 Necromancy
 - Level 20.0 Transmutations
 - Level 20.0(25.0) Ice Magic
 - Level 22.2(27) Air Magic
 - Level 22.9(27) Earth Magic


You had 6 spell levels left.
You knew the following spells:

 Your Spells              Type           Power        Failure   Level
a - Statue Form           Tmut/Erth      55%          0%          6
b - Iron Shot             Conj/Erth      43%          0%          6
c - Orb of Destruction    Conj           43%          0%          7
d - Shatter               Erth           44%          1%          9
e - Lee's Rapid Deconstr  Erth           44%          0%          5
f - Tornado               Air            44%          1%          9
g - Passwall              Tmut/Erth      69%          0%          2
h - Necromutation         Tmut/Necr      41%          1%          8
i - Blink                 Tloc           N/A          1%          2
k - Corona                Hex            82%          0%          1
l - Tukima's Dance        Hex            74%          0%          3

Your spell library contained the following spells:

 Spells                   Type           Power        Failure   Level
 Beastly Appendage        Tmut           100%         0%          1
 Foxfire                  Conj/Fire      100%         0%          1
 Freeze                   Ice            100%         0%          1
 Magic Dart               Conj           100%         0%          1
 Sandblast                Erth           100%         0%          1
 Sting                    Tmut/Pois      100%         0%          1
 Corpse Rot               Necr/Air       N/A          0%          2
 Ensorcelled Hibernation  Hex/Ice        100%         0%          2
 Poisonous Vapours        Pois/Air       100%         0%          2
 Slow                     Hex            74%          0%          2
 Sublimation of Blood     Necr           43%          0%          2
 Swiftness                Air            88%          0%          2
 Wereblood                Tmut           77%          0%          2
 Confusing Touch          Hex            74%          0%          3
 Conjure Flame            Conj/Fire      64%          0%          3
 Dazzling Flash           Conj/Hex       100%         0%          3
 Frozen Ramparts          Ice            100%         0%          3
 Ignite Poison            Fire/Tmut/Pois 49%          0%          3
 Inner Flame              Hex/Fire       56%          0%          3
 Mephitic Cloud           Conj/Pois/Air  72%          0%          3
 Ozocubu's Armour         Ice            85%          0%          3
 Spider Form              Tmut/Pois      28%          0%          3
 Static Discharge         Conj/Air       87%          0%          3
 Stone Arrow              Conj/Erth      100%         0%          3
 Summon Guardian Golem    Hex/Summ       55%          0%          3
 Vampiric Draining        Necr           43%          0%          3
 Animate Dead             Necr           43%          0%          4
 Cause Fear               Hex            37%          0%          4
 Dispel Undead            Necr           87%          0%          4
 Fulminant Prism          Conj/Hex       40%          0%          4
 Hailstorm                Conj/Ice       86%          0%          4
 Ice Form                 Ice/Tmut       81%          0%          4
 Leda's Liquefaction      Hex/Erth       41%          0%          4
 Petrify                  Tmut/Erth      83%          0%          4
 Sticky Flame             Conj/Fire      64%          0%          4
 Summon Ice Beast         Ice/Summ       62%          0%          4
 Summon Lightning Spire   Summ/Air       64%          0%          4
 Agony                    Necr           87%          0%          5
 Blade Hands              Tmut           38%          0%          5
 Bolt of Magma            Conj/Fire/Erth 36%          0%          5
 Borgnjor's Vile Clutch   Necr/Erth      43%          0%          5
 Fireball                 Conj/Fire      32%          0%          5
 Irradiate                Conj/Tmut      41%          0%          5
 Iskenderun's Battlesphe  Conj           86%          0%          5
 Lightning Bolt           Conj/Air       43%          0%          5
 Metabolic Englaciation   Hex/Ice        40%          0%          5
 Silence                  Hex/Air        41%          0%          5
 Yara's Violent Unravell  Hex/Tmut       38%          0%          5
 Conjure Ball Lightning   Conj/Air       43%          0%          6
 Death Channel            Necr           43%          0%          6
 Freezing Cloud           Conj/Ice/Air   43%          0%          6
 Hydra Form               Tmut           38%          0%          6
 Invisibility             Hex            74%          0%          6
 Simulacrum               Ice/Necr       43%          0%          6
 Summon Small Mammal      Summ           96%          1%          1
 Call Imp                 Summ           24%          1%          2
 Call Canine Familiar     Summ           24%          1%          3
 Gell's Gravitas          Tloc           14%          1%          3
 Teleport Other           Tloc           29%          1%          3
 Manifold Assault         Tloc           29%          1%          4
 Olgreb's Toxic Radiance  Pois           24%          1%          4
 Passage of Golubria      Tloc           N/A          1%          4
 Alistair's Intoxication  Tmut/Pois      37%          1%          5
 Summon Mana Viper        Hex/Summ       55%          1%          5
 Eringya's Noxious Bog    Tmut/Pois      28%          1%          6
 Starburst                Conj/Fire      32%          1%          6
 Summon Forest            Summ/Tloc      13%          4%          5
 Dispersal                Tloc           14%          26%         6
 Shadow Creatures         Summ           N/A          43%         6
 Dragon Form              Tmut           38%          0%          7
 Ozocubu's Refrigeration  Ice            42%          0%          7
 Borgnjor's Revivificati  Necr           43%          0%          8
 Infestation              Necr           43%          0%          8
 Spellforged Servitor     Conj/Summ      31%          1%          7
 Discord                  Hex            37%          1%          8
 Death's Door             Necr           43%          1%          9
 Summon Hydra             Summ           12%          96%         7
 Disjunction              Tloc           14%          100%        8
 Ignition                 Fire           13%          100%        8
 Dragon's Call            Summ           12%          100%        9
 Portal Projectile        Hex/Tloc       Unusable     N/A         3
 Animate Armour           Summ/Erth      Unusable     N/A         4

Dungeon Overview and Level Annotations

Branches:
Dungeon (15/15)            Temple (1/1) D:6            Lair (6/6) D:9
  Swamp (4/4) Lair:3       Spider (4/4) Lair:3        Slime (5/5) Lair:5
    Orc (2/2) D:12            Elf (3/3) Orc:2        Vaults (5/5) D:14
  Crypt (3/3) Vaults:2       Tomb (3/3) Crypt:3      Depths (5/5) D:15
   Hell (visited)             Dis (7/7) Hell            Geh (7/7) Hell
    Coc (7/7) Hell            Tar (7/7) Hell            Zot (5/5) Depths:5
 Bailey (visited)         Volcano (visited)          WizLab (visited)

Altars:
Ashenzari
Cheibriados
Dithmenos
Elyvilon
Fedhas
Gozag
Hepliaklqana
Kikubaaqudgha
Makhleb
Nemelex Xobeh
Okawaru
Qazlal
Ru
Sif Muna
Trog
Uskayaw
Vehumet
Wu Jian
Xom
Yredelemnul
Zin
The Shining One
Beogh
Jiyva

Shops:
D:12 *   Orc:2 ((:!   Elf:1 [[   Elf:3 *[!   Vaults:1 *

Portals:
Hell: Depths:1 Depths:2 Depths:3 Depths:4
Abyss: Depths:4
Pandemonium: Depths:3
Ziggurat: Depths:3

Annotations:
D:5 Prince Ribbit
D:7 1 transporter
D:9 exclusion: downstairs
Lair:2 exclusion: boulder beetle
Spider:4 Arachne; Louise
Slime:5 Royal Jelly
Orc:1 Jorgrun
Elf:2 3 runed translucent doors
Vaults:3 Boris; Saint Roka
Vaults:4 exclusion: door, Xtahua
Tomb:1 exclusion: downstairs
Dis:7 Dispater
Geh:7 Serpent of
Hell
Coc:7 Antaeus
Tar:7 Ereshkigal


Innate Abilities, Weirdness & Mutations

You cannot wear armour.
You are incapable of wielding weapons or throwing items.
Your paws allow you to move quietly. (Stealth)
You have sharp claws.
You have razor-sharp teeth.
You have supernaturally acute eyesight. (SInv)
((You cover ground quickly.))
((Your thick and shaggy fur keeps you warm. (AC +3, rC+)))
Your sharp claws are effective at attacking unaware monsters.
You have a pair of small antennae on your head.
((You are partially covered in icy blue scales. (AC +2)))
((You are partially covered in iridescent scales. (AC +2)))
((You are partially covered in slimy green scales. (AC +2)))
You tend to lose your temper in combat.
Your mind is acute. (Int +2)
Your flesh is very cold resistant. (rC++)
Your body sometimes deteriorates upon taking damage.
You are frail. (-10% HP)
You passively map a small area around you.
You occasionally shout uncontrollably at your foes.
You do not regenerate when monsters are visible.
[You are very dopey. (Int -4)]
[Your magical capacity is extremely low. (-30% MP)]
[Your spells are much easier to cast, but much less powerful.]


Message History

Casting: Statue Form (safe; 0% risk of failure)
Confirm with . or Enter, or press ? or * to list all spells.
You extend your transformation's duration.
The torpor snail disappears in a puff of smoke!
The green draconian stormcaller completely misses you.
The green draconian stormcaller misses you.
The green draconian stormcaller hits you but does no damage.
The green draconian stormcaller completely misses you.
The monstrous corrupter calls forth creatures from the Realm of Zot!
You mangle the green draconian stormcaller!!
You claw the green draconian stormcaller!
The green draconian stormcaller is almost dead.
You feel yourself speed up.
The green draconian stormcaller prays to Qazlal.
The monstrous corrupter utters an invocation to Lugonu.
Your connection to magic feels more subdued.
Your connection to magic feels nearly dormant.
You feel less energetic. x2
Okay, then.
You eviscerate the wind drake!!!
The wind drake is heavily wounded.
The green draconian stormcaller mumbles some strange prayers to Qazlal against you.
Qazlal smites you!
* * * LOW HITPOINT WARNING * * *
The monstrous corrupter calls forth creatures from the Tomb of the Ancients!
You barely miss the wind drake.
The wind drake is heavily wounded.
The wind drake exhales a fierce blast of wind!
The moth of wrath is blown away by the wind.
You collide with the green draconian stormcaller!
* * * LOW HITPOINT WARNING * * *
The monstrous corrupter collides with the monstrous demonspawn!
The green draconian stormcaller collides with the monstrous corrupter!
You eviscerate the wind drake!!!
You kill the wind drake!
The wind drake's corpse disappears in a puff of smoke!
The moth of wrath disappears in a puff of smoke!
The green draconian stormcaller invokes the aid of Qazlal against you.
Qazlal smites you!
* * * LOW HITPOINT WARNING * * *
The green draconian stormcaller invokes the aid of Qazlal against you.
Qazlal smites you!
* * * LOW HITPOINT WARNING * * *
The monstrous corrupter calls forth creatures from the Shoals!
The green draconian stormcaller mumbles some strange prayers to Qazlal.
The monstrous corrupter calls forth creatures from the Snake Pit!
The green draconian stormcaller disappears in a puff of smoke!
The merfolk javelineer throws a silver javelin.
The silver javelin pierces through you!
You die...

####..######.# ####.#
####.3.......#######.#
####6######. #......{
####6#### , #.#+####
####6#### ,** #.#..&
####§#### *, #6#.{.
####m#### ,, *.#.{.
####§#### *, {* *{{
####8#### ,** *{**'
####.#### *, * *{ {
####.#### ,,, * ,{
####.#### , ,,
####.#### * *,** * *
#.# * * ,,, , #.# * *
* #.# * , ,,******, ,


You could see a merfolk javelineer (summoned) and a monstrous corrupter
(summoned).

Vanquished Creatures
  Ignacio (Pan)
  Gloorx Vloq (Pan)
  Mara (Depths:2)
  4 dread liches
  5 ancient liches
  2 juggernauts
  26 royal mummies
  Frederick (Depths:5)
  The ghost of Juwkui the Axe Maniac, a veteran MiBe of Trog (Crypt:1)
  2 Killer Klowns
  45 shard shrikes
  Geryon (Hell)
  Margery (Vaults:2)
  Jory (Vaults:4)
  13 golden dragons
  6 doom hounds
  A profane servitor (Crypt:3)
  4 electric golems
  41 Brimstone Fiends
  20 bone dragons
  11 iron giants
  26 Tzitzimimeh
  15 Hell Sentinels
  48 Ice Fiends
  An Orb Guardian (Zot:5)
  A moon troll (WizLab)
  15 tentacled monstrosities
  7 quicksilver dragons
  13 liches
  A deep elf blademaster (Elf:3)
  2 deep elf master archers (Elf:3)
  15 acid blobs
  9 titans
  5 death cobs
  26 Executioners
  Frances (D:14)
  9 tentacled starspawn (WizLab)
  19 ancient champions
  9 sphinxes
  13 shadow dragons
  A thorn hunter (Swamp:4)
  18 storm dragons
  7 tengu reavers
  4 revenants
  A fenstrider witch (shapeshifter) (Vaults:3)
  5 azure jellies
  16 fire giants
  3 draconian monks
  6 ghost moths
  16 iron dragons
  24 frost giants
  3 draconian knights
  An orc warlord (Vaults:4)
  31 balrugs
  A warmonger (Pan)
  6 emperor scorpions (Spider:4)
  Aizul (Swamp:1)
  3 draconian shifters
  4 deep elf sorcerers
  An angel (Pan)
  14 vault wardens
  The ghost of Veteran the Thaumaturge, a journeyman GnEE of Okawaru (D:14)
  8 curse skulls
  30 cacodemons
  8 draconian scorchers
  6 draconian stormcallers
  3 ghouls
  A juggernaut zombie (Depths:3)
  126 reapers
  5 blood saints (Pan)
  6 deep elf elementalists (Elf:3)
  11 ironheart preservers
  3 elemental wellsprings (Coc:7)
  37 very ugly things
  24 war gargoyles
  6 draconian annihilators
  34 stone giants
  A caustic shrike skeleton (Depths:3)
  12 lorocyprocas
  6 black draconians
  An entropy weaver (Spider:3)
  11 vampire knights
  10 green draconians
  9 deep elf demonologists
  6 bennus
  2 black suns (Pan)
  2 corrupters (Pan)
  3 purple draconians
  8 yellow draconians
  6 dire elephants (Lair:6)
  Azrael (Spider:1)
  35 blizzard demons
  3 spark wasps
  7 white draconians
  11 deep elf annihilators
  11 red draconians
  5 bunyips
  4 eidola
  18 green deaths
  3 crystal guardians
  20 ettins
  An eleionoma (Swamp:2)
  Josephine (Orc:2)
  2 spectral krakens (Tar:7)
  19 jiangshi
  25 great orbs of eyes
  2 death oozes
  9 yaktaur captains
  11 deep elf high priests
  18 fire dragons
  21 mummy priests
  57 ice dragons
  14 deep elf death magi
  13 quicksilver dragon zombies
  4 kraken zombies
  27 hydras
  A shambling mangrove (Swamp:4)
  8 rakshasas
  A spectral shadow dragon (Crypt:2)
  25 vault guards
  Fannar (D:12)
  10 ogre magi
  An ice dragon (shapeshifter) (Depths:4)
  5 monstrous demonspawn (Pan)
  14 quicksilver dragon skeletons
  2 hell beasts (Pan)
  2 boulder beetles
  8 spriggan air magi
  4 ghost crabs
  A catoblepas (D:14)
  21 two-headed ogres
  An anaconda (Lair:6)
  12 centaur warriors
  5 alligators
  A spectral frost giant (Crypt:3)
  19 titan zombies
  The ghost of RamboRex the Cleaver, a novice DrBe of Trog (D:7)
  8 tengu warriors
  8 death knights
  14 dancing weapons
  7 deep troll shamans
  59 hell hogs
  48 death scarabs
  10 vampire magi
  12 deep troll earth magi
  Nergalle (Orc:2)
  42 soul eaters
  135 hell knights
  5 spriggan berserkers
  10 spriggans
  7 iron golems
  11 storm dragon zombies
  9 deep elf knights
  11 titan skeletons
  237 skeletal warriors
  15 shadow wraiths
  20 iron trolls
  53 sun demons
  12 golden dragon zombies
  2 wretched stars (WizLab)
  An entropy weaver zombie (Crypt:2)
  8 unseen horrors
  34 sixfirhies (Pan)
  A spriggan druid (Swamp:2)
  An orange crystal statue (WizLab)
  25 shadow demons
  26 anaconda zombies
  2 gelid demonspawn (Pan)
  11 storm dragon skeletons
  A spectral anaconda (Crypt:2)
  11 goliath frogs
  10 glowing orange brains
  27 large abominations
  4 ghost moth zombies
  An infernal demonspawn (Pan)
  31 deep trolls
  A quicksilver dragon simulacrum (Coc:3)
  4 bog bodies
  A death drake (Zot:3)
  A spectral emperor scorpion (Crypt:2)
  9 golden dragon skeletons
  12 swamp dragons
  A death drake (shapeshifter) (Vaults:5)
  27 flayed ghosts
  An obsidian statue (Depths:3)
  10 wizards
  19 shadow dragon zombies
  8 anaconda skeletons
  51 necromancers
  27 phantasmal warriors
  7 ironbrand convokers
  19 deep elf archers
  2 torturous demonspawn (Pan)
  An orb spider (shapeshifter) (Vaults:2)
  25 deep elf pyromancers
  9 harpies
  7 iron dragon zombies
  30 deep elf zephyrmancers
  12 orc knights
  12 wolf spider zombies
  3 will-o-the-wisps
  10 shining eyes
  A sphinx skeleton (Crypt:2)
  12 orb spiders
  8 oklob plants
  33 wolf spiders
  22 fire giant zombies
  14 stone giant zombies
  11 orc sorcerers
  A faun (shapeshifter) (Depths:1)
  45 ugly things
  18 frost giant skeletons
  21 frost giant zombies
  99 slime creatures
  8 cyclopes
  45 elephants
  2 manticores
  7 iron dragon skeletons
  10 shadow dragon skeletons
  18 fire giant skeletons
  15 stone giant skeletons
  26 moths of wrath
  52 rust devils
  Maurice (Orc:2)
  The ghost of Zevyc the Slicer, a novice KoBr (D:13)
  2 black mambas (Lair:5)
  3 shock serpent zombies
  A naga mage (D:15)
  4 centaur zombies
  11 molten gargoyles
  14 dire elephant zombies
  11 eyes of devastation
  A guardian serpent (shapeshifter) (Vaults:5)
  11 cane toads
  4 ice statues
  2 titan simulacra
  16 vault sentinels
  3 gargoyles
  2 torpor snails
  7 shock serpent skeletons
  8 spectral swamp worms (Tar:7)
  A yaktaur zombie (Vaults:4)
  3 storm dragon simulacra
  7 elf skeletons
  4 catoblepas zombies
  10 dire elephant skeletons
  27 orange demons (Pan)
  2 minotaur zombies
  46 hellions
  22 smoke demons
  A rime drake (Lair:6)
  11 efreet
  6 komodo dragons
  44 yaktaurs
  93 tormentors
  5 emperor scorpion zombies
  2 golden dragon simulacra
  4 tengu conjurers
  19 demonic crawlers
  A yaktaur skeleton (Vaults:4)
  9 harpy zombies
  92 ice devils
  75 red devils
  78 freezing wraiths
  An anaconda simulacrum (Hell)
  12 trolls
  An entropy weaver simulacrum (Vaults:3)
  3 catoblepas skeletons
  13 hellwings
  A minotaur skeleton (Coc:5)
  A bloated husk (Swamp:4)
  26 jumping spiders
  A queen ant zombie (Crypt:2)
  3 meliai
  A meliai (shapeshifter) (D:15)
  6 polar bears
  A troll (shapeshifter) (Depths:4)
  37 guardian mummies
  A silent spectre (Tar:1)
  16 hornets
  A shadow dragon simulacrum (Vaults:4)
  41 hydra zombies
  11 tyrant leeches
  19 alligator zombies
  20 hydra skeletons
  A blink frog (shapeshifter) (Vaults:2)
  4 wolf spider simulacra
  12 blink frogs
  7 harpy skeletons
  15 ice dragon zombies
  A meliai zombie (D:13)
  An iron dragon simulacrum (Tomb:2)
  4 frost giant simulacra
  12 dream sheep
  A spectral swamp dragon (Crypt:2)
  A tarantella zombie (Crypt:2)
  11 fire dragon zombies
  21 ettin zombies
  233 flying skulls
  4 air elementals
  13 ettin skeletons
  5 stone giant simulacra
  49 redbacks
  24 water elementals
  4 ice dragon skeletons
  20 tarantellas
  2 black mamba zombies
  A centaur simulacrum (D:15)
  9 fire dragon skeletons
  58 shadows
  13 ynoxinuls
  A dire elephant simulacrum (Hell)
  A vampire (D:14)
  3 humans (shapeshifter)
  5 basilisks
  A wyvern (shapeshifter) (Vaults:1)
  6 alligator skeletons
  78 yaks
  39 fire elementals
  8 ushabtiu
  59 wraiths
  17 neqoxecs
  5 black mamba skeletons
  A golden eye (Pan)
  14 vampire mosquitoes
  10 wyverns
  9 chaos spawn (Pan)
  Menkaure (D:7)
  2 merfolk zombies
  A monstrous demonspawn zombie (Crypt:1)
  3 human zombies
  9 swamp worms
  21 cane toad zombies
  7 wargs
  3 acid dragons
  A soldier ant (D:12)
  16 water moccasins
  6 hydra simulacra
  A spectral spriggan (Crypt:2)
  7 floating eyes
  113 hell hounds
  A gelid demonspawn skeleton (Crypt:2)
  A monstrous demonspawn skeleton (Geh:7)
  A two-headed ogre skeleton (Crypt:1)
  8 swamp drakes
  An infernal demonspawn skeleton (Geh:4)
  42 orc warriors
  2 black bears
  37 ogres
  15 snapping turtle zombies
  18 eyes of draining
  3 sky beasts
  21 ice beasts
  4 swamp dragon zombies
  6 manticore zombies
  37 necrophages
  A black mamba simulacrum (Tomb:2)
  15 cane toad skeletons
  An alligator simulacrum (Coc:3)
  3 fire dragon simulacra
  3 snapping turtle skeletons
  5 wolves (Lair:4)
  15 centaurs
  9 boggarts (D:14)
  5 swamp dragon skeletons
  3 manticore skeletons
  A centaur (shapeshifter) (Depths:2)
  15 phantoms
  An elf zombie (Coc:7)
  A kobold brigand (D:8)
  23 bullfrogs
  An earth elemental (Elf:2)
  A gnoll sergeant (Orc:2)
  3 small abominations (Crypt:3)
  3 wyvern zombies
  3 cane toad simulacra
  A water moccasin zombie (Crypt:1)
  A scorpion (shapeshifter) (Zot:3)
  A wyvern skeleton (D:14)
  5 scorpions
  50 killer bees
  A howler monkey (D:6)
  A troll skeleton (Geh:4)
  128 wights
  2 human simulacra
  2 electric eels
  A howler monkey (shapeshifter) (Vaults:3)
  19 crimson imps
  8 starcursed masses (WizLab)
  5 hounds
  3 quasits
  3 bullfrog zombies
  7 jellies
  A black bear zombie (Crypt:1)
  15 orc priests
  67 iron imps
  4 bullfrog skeletons
  7 centaur skeletons
  3 human skeletons
  2 iguanas
  2 demonspawn skeletons
  40 orc wizards
  A lightning spire (Zot:4)
  9 hell rats
  8 worker ants
  A troll simulacrum (Crypt:1)
  An ogre zombie (Dis:7)
  2 tengu zombies
  A naga zombie (Dis:5)
  A tengu skeleton (Coc:1)
  2 demigod skeletons (Crypt:1)
  An ogre skeleton (Dis:1)
  A naga skeleton (Geh:2)
  53 mummies
  A worker ant zombie (D:7)
  15 adders
  14 shadow imps
  54 white imps
  An ooze (D:7)
  An iguana skeleton (Crypt:1)
  3 adder skeletons
  2 adder zombies
  A worm (D:2)
  3 dart slugs
  5 leopard geckos
  123 orcs
  6 giant cockroaches
  4 hobgoblins
  12 jackals
  6 quokkas
  A ball python skeleton (D:4)
  9 bats
  5 frilled lizards
  16 goblins
  2 jackal skeletons
  12 kobolds
  3 kobold zombies
  A leopard gecko skeleton (D:7)
  A quokka zombie (D:5)
  5 rats
  3 starspawn tentacles (WizLab)
  10 tentacles
6109 creatures vanquished.

Vanquished Creatures (collateral kills)
  Donald (Spider:1)
  A two-headed ogre (D:12)
  A deep troll earth mage (Vaults:5)
  A hell knight (Vaults:3)
  An ugly thing (Depths:1)
  5 orc knights
  2 red devils (Depths:1)
  A redback (Spider:1)
  A tarantella (Spider:1)
  8 orc warriors
  4 ogres
  6 wights
  An orc priest (Vaults:2)
  A shadow imp (D:10)
  9 orcs
43 creatures vanquished.

Vanquished Creatures (others)
  A shard shrike (Coc:5)
  A bone dragon (Coc:3)
  An eldritch tentacle (Pan)
  A fire giant (Vaults:5)
  A cacodemon (Pan)
  A very ugly thing (Vaults:1)
  An ice dragon (Coc:5)
  An ogre mage (Vaults:1)
  A two-headed ogre (Vaults:1)
  A hell hog (Geh:6)
  A deep elf knight (Vaults:4)
  2 sixfirhies (Pan)
  A wizard (Pan)
  A deep elf pyromancer (Elf:1)
  A shock serpent zombie (Dis:7)
  An orange demon (Pan)
  A tarantella (Spider:4)
  A fire elemental (Hell)
  6 dancing weapons
  A necrophage (Geh:5)
  A hound (D:10)
  4 bushes
  5 demonic plants (WizLab)
  7 foxfires (Swamp:1)
  131 fungi
  119 plants
  17 starspawn tentacles (WizLab)
  33 tentacles
343 creatures vanquished.

Grand Total: 6495 creatures vanquished

Notes
Turn   | Place    | Note
-------+----------+-------------------------------------------
     0 | D:1      | Sizif the Felid Enchanter began the quest for the Orb.
     0 | D:1      | Reached XP level 1. HP: 7/7 MP: 4/4
   390 | D:1      | Reached XP level 2. HP: 8/12 MP: 4/6
   932 | D:1      | Reached XP level 3. HP: 13/15 MP: 5/7
   993 | D:1      | Learned a level 2 spell: Ensorcelled Hibernation
   997 | D:1      | Learned a level 3 spell: Confusing Touch
  1303 | D:2      | Reached skill level 1 in Fighting
  2594 | D:2      | Found a hide-covered altar of Uskayaw.
  2594 | D:2      | Found a burning altar of Makhleb.
  2595 | D:2      | Found a stormy altar of Qazlal.
  3105 | D:3      | Reached skill level 5 in Hexes
  3261 | D:4      | Reached XP level 4. HP: 19/19 MP: 3/8
  4359 | D:2      | Reached skill level 5 in Stealth
  4628 | D:4      | Reached XP level 5. HP: 12/22 MP: 2/10
  5000 | D:4      | Noticed an ogre
  5060 | D:4      | Learned a level 3 spell: Tukima's Dance
  5077 | D:4      | Killed an ogre
  5145 | D:5      | Entered Level 5 of the Dungeon
  5182 | D:5      | Noticed Prince Ribbit
  6318 | D:5      | Gained mutation: You are covered in thick fur. (AC +2)
                  | [Felid growth]
  6318 | D:5      | Reached XP level 6. HP: 26/26 MP: 6/11
  6431 | D:5      | Noticed an orc warrior
  7135 | D:4      | Killed an orc warrior
  7430 | D:5      | Learned a level 2 spell: Blink
  7794 | D:6      | Found a staircase to the Ecumenical Temple.
  7804 | Temple   | Entered the Ecumenical Temple
  7810 | Temple   | Became a worshipper of Ashenzari the Shackled
  8062 | D:6      | Noticed an orc warrior
  8080 | D:6      | Killed an orc warrior
  8081 | D:6      | Reached XP level 7. HP: 30/30 MP: 3/13
  8418 | D:6      | Reached skill level 5 in Dodging
  9469 | D:6      | Reached XP level 8. HP: 34/34 MP: 5/15
  9622 | D:6      | Reached * piety under Ashenzari
  9622 | D:6      | Identified the cursed ring "Submission of Ashenzari" {EV+4,
                  | Cun, Self} (You found it on level 1 of the Dungeon)
  9622 | D:6      | Reached ** piety under Ashenzari
  9761 | D:7      | Found a transporter.
  9767 | D:7      | Found a transporter.
  9768 | D:7      | Noticed a deep elf pyromancer
  9801 | D:7      | Noticed Menkaure
  9843 | D:7      | Noticed RamboRex's ghost (novice DrBe)
  9875 | D:7      | Found a shadowy altar of Dithmenos.
 10175 | D:7      | Noticed a hornet
 11684 | D:8      | Reached XP level 9. HP: 39/39 MP: 12/17
 12080 | D:9      | Reached skill level 5 in Unarmed Combat
 12080 | D:9      | Reached skill level 5 in Spellcasting
 12380 | D:9      | Reached skill level 5 in Fighting
 13050 | D:9      | Found a staircase to the Lair.
 13134 | D:9      | Reached XP level 10. HP: 45/45 MP: 13/19
 14094 | D:10     | Entered Level 10 of the Dungeon
 14188 | D:10     | Noticed a manticore
 14261 | D:10     | Learned a level 6 spell: Iron Shot
 14394 | D:10     | Reached skill level 1 in Earth Magic
 14958 | D:10     | Reached skill level 1 in Conjurations
 15025 | D:10     | Noticed a two-headed ogre
 15031 | D:10     | Noticed a gargoyle
 15251 | Lair:1   | Entered Level 1 of the Lair of Beasts
 15372 | Lair:1   | Noticed a cane toad
 15415 | Lair:1   | Killed a cane toad
 15416 | Lair:1   | Reached skill level 10 in Stealth
 15416 | Lair:1   | Reached skill level 10 in Hexes
 15633 | Lair:1   | Noticed a cane toad
 15640 | Lair:1   | Killed a cane toad
 16551 | Lair:2   | Reached XP level 11. HP: 35/49 MP: 15/22
 16606 | Lair:2   | Found a dark tunnel.
 16639 | Volcano  | Entered a volcano
 16780 | Volcano  | Slain by a fire elemental
 16781 | Volcano  | Reached XP level 10. HP: -4/46 MP: 21/21
 16999 | Lair:2   | Found an iron altar of Okawaru.
 17132 | Lair:2   | Noticed a cane toad
 17159 | Lair:2   | Killed a cane toad
 17295 | Lair:2   | Noticed a cane toad
 17371 | Lair:2   | Noticed an elephant
 17425 | Lair:2   | Found a hide-covered altar of Uskayaw.
 17425 | Lair:2   | Found an ornate altar of the Wu Jian Council.
 17425 | Lair:2   | Noticed a boulder beetle
 17798 | Lair:2   | Reached *** piety under Ashenzari
 17798 | Lair:2   | Identified the cursed ring "Cosmic Sybil" {Int+6, Self,
                  | Bglg} (You found it on level 3 of the Dungeon)
 17798 | Lair:2   | Reached **** piety under Ashenzari
 17831 | Lair:2   | Killed a cane toad
 17924 | Lair:2   | Noticed an elephant
 17958 | Lair:2   | Killed an elephant
 17998 | Lair:2   | Noticed an elephant
 18044 | Lair:2   | Noticed an elephant
 18067 | Lair:2   | Killed an elephant
 18069 | Lair:2   | Killed an elephant
 18441 | Lair:2   | Killed an elephant
 18677 | Lair:3   | Reached skill level 10 in Dodging
 18992 | Lair:3   | Noticed a six-headed hydra
 19060 | Lair:3   | Noticed a cane toad
 19332 | Lair:3   | Killed a cane toad
 19333 | Lair:3   | Reached XP level 11. HP: 50/50 MP: 22/22
 19678 | Lair:3   | Found a staircase to the Swamp.
 20995 | Lair:4   | Noticed a six-headed hydra
 21441 | Lair:3   | Killed a six-headed hydra
 21466 | Lair:3   | Found a hole to the Spider Nest.
 22304 | Lair:4   | Reached skill level 5 in Earth Magic
 22428 | Lair:4   | Reached skill level 5 in Conjurations
 22802 | Lair:4   | Killed a six-headed hydra
 23102 | Lair:4   | Found a glowing golden altar of the Shining One.
 23254 | Lair:4   | Noticed an eight-headed hydra
 23498 | Lair:4   | Killed an eight-headed hydra
 23499 | Lair:4   | Gained mutation: Your thick and shaggy fur keeps you warm.
                  | (AC +3, rC+) [Felid growth]
 23499 | Lair:4   | Reached XP level 12. HP: 44/56 MP: 21/25
 23650 | Lair:4   | Reached ***** piety under Ashenzari
 23650 | Lair:4   | Identified the cursed amulet of the Unyielding Gaze
                  | {Reflect SH+5, Self, Bglg} (You found it on level 9 of the
                  | Dungeon)
 23650 | Lair:4   | Reached ****** piety under Ashenzari
 23665 | Lair:4   | Learned a level 7 spell: Orb of Destruction
 24444 | Lair:4   | Identified the +8 falchion of the Shining Light {freeze,
                  | *Corrode Int+5 Dex+6}
 26549 | Lair:5   | Found a staircase to the Slime Pits.
 27855 | Lair:6   | Entered Level 6 of the Lair of Beasts
 27876 | Lair:6   | Noticed a five-headed hydra
 27880 | Lair:6   | Noticed an eight-headed hydra
 27892 | Lair:6   | Killed a five-headed hydra
 27893 | Lair:6   | Reached XP level 13. HP: 60/60 MP: 26/26
 28036 | Lair:6   | Found the +8 orange crystal plate armour {Archmagi, Int+3
                  | Clar}
 28286 | Lair:6   | Identified the +1 ring mail "Cakhlukhli" {rPois MP-9 Str+3
                  | Int+9}
 30264 | Lair:5   | Reached skill level 10 in Fighting
 32051 | Lair:6   | Reached XP level 14. HP: 66/66 MP: 2/28
 33710 | Lair:6   | Reached skill level 10 in Spellcasting
 34463 | D:11     | Reached skill level 15 in Stealth
 34992 | D:11     | Identified Sif Muna's Primer on Spellcasting
 35185 | D:12     | Found Woicruy's Assorted Antiques.
 35193 | D:12     | Bought a scroll of teleportation for 60 gold pieces
 35193 | D:12     | Bought a potion of curing for 60 gold pieces
 35489 | D:12     | Noticed Fannar
 35495 | D:12     | Killed Fannar
 36469 | D:12     | Found a staircase to the Orcish Mines.
 36755 | Orc:1    | Entered Level 1 of the Orcish Mines
 37163 | Orc:1    | Noticed Jorgrun
 37399 | Orc:2    | Entered Level 2 of the Orcish Mines
 37660 | Orc:2    | Found a staircase to the Elven Halls.
 37894 | Orc:2    | Noticed Maurice
 38039 | Orc:2    | Killed Maurice
 38584 | Orc:2    | Noticed Josephine
 38589 | Orc:2    | Killed Josephine
 39501 | Orc:2    | Found Ivowerghi's Antique Weapon Shoppe.
 39640 | Orc:2    | Found Odiz's Antique Weapon Emporium.
 39748 | Orc:2    | Noticed Nergalle
 39749 | Orc:2    | Found an ancient bone altar of Kikubaaqudgha.
 39777 | Orc:2    | Killed Nergalle
 40253 | Orc:2    | Reached XP level 15. HP: 66/70 MP: 4/30
 40411 | Orc:2    | Found a roughly hewn altar of Beogh.
 40411 | Orc:2    | Found Radgh's Distillery.
 40502 | Orc:2    | Found a radiant altar of Vehumet.
 40536 | Orc:2    | Found Riloecoll's Book Shoppe.
 40558 | Orc:2    | Bought a potion of haste for 160 gold pieces
 40558 | Orc:2    | Bought a potion of heal wounds for 80 gold pieces
 40558 | Orc:2    | Bought a potion of cancellation for 128 gold pieces
 42280 | D:13     | Identified the +0 plate armour of Fortification {Rampage
                  | Regen+ Str-4 Slay+4}
 42280 | D:13     | Found a roughly hewn altar of Beogh.
 42283 | D:13     | Identified the +8 dagger "Bacraen" {antimagic, rC+}
 42657 | D:13     | Found a runed translucent gate.
 42658 | D:13     | Found a runed translucent gate.
 42658 | D:13     | Noticed Zevyc's ghost (novice KoBr)
 42659 | D:13     | Found a runed translucent gate.
 43640 | D:13     | Killed Zevyc's ghost
 44090 | Spider:1 | Entered Level 1 of the Spider Nest
 45457 | Spider:1 | Noticed Azrael
 45505 | Spider:1 | Noticed Donald
 45800 | Spider:1 | Blew themself up
 45801 | Spider:1 | Reached XP level 14. HP: -14/67 MP: 4/29
 46051 | Spider:1 | Killed Donald
 46238 | Spider:1 | Killed Azrael
 46438 | Spider:2 | Noticed a ghost moth
 46439 | Spider:2 | Killed a ghost moth
 47011 | Spider:1 | Reached skill level 15 in Dodging
 48413 | Spider:3 | Noticed a ghost moth
 49459 | Spider:3 | Reached XP level 15. HP: 72/72 MP: 4/31
 49862 | Spider:3 | Killed a ghost moth
 50909 | Spider:4 | Entered Level 4 of the Spider Nest
 50909 | Spider:4 | Noticed Louise
 51122 | Spider:4 | Noticed Arachne
 51213 | Spider:4 | Reached skill level 10 in Conjurations
 51378 | Spider:4 | Reached skill level 10 in Earth Magic
 52722 | Spider:4 | Noticed a ghost moth
 52731 | Spider:4 | Noticed a ghost moth
 52962 | Spider:4 | Killed a ghost moth
 53749 | Spider:4 | Noticed a ghost moth
 55342 | Spider:4 | Got a gossamer rune of Zot
 55663 | Swamp:1  | Entered Level 1 of the Swamp
 56259 | Swamp:1  | Noticed Aizul
 57092 | Swamp:1  | Reached XP level 16. HP: 77/77 MP: 13/32
 60134 | Swamp:3  | Identified the +0 cloak of Valed {+Fly rElec rPois}
 61378 | Swamp:3  | Found an ornate altar of the Wu Jian Council.
 61452 | Swamp:3  | Identified the +2 ring mail of Gallantry {*Slow Str+8}
 61518 | Swamp:4  | Entered Level 4 of the Swamp
 62148 | Swamp:4  | Noticed a thorn hunter
 65241 | Swamp:4  | Killed a thorn hunter
 65568 | Swamp:4  | Got a decaying rune of Zot
 65867 | Swamp:1  | Killed Aizul
 65868 | Swamp:1  | Reached XP level 17. HP: 76/82 MP: 2/34
 67244 | D:14     | Found a runed translucent gate.
 67244 | D:14     | Found a runed translucent gate.
 67321 | D:14     | Found a flagged portal.
 67419 | Bailey   | Entered a bailey
 67958 | Bailey   | Identified the +6 dire flail "Kanero Teibb" {freeze, rElec
                  | rN+ Int+3 Dex-3 Stlth+}
 68306 | D:14     | Found a runed translucent gate.
 68306 | D:14     | Noticed Veteran's ghost (journeyman GnEE)
 68307 | D:14     | Identified the +0 cloak "Xutoff" {Stlth+}
 68307 | D:14     | Found the +8 whip "Snakebite" {curare, rPois}
 68316 | D:14     | Noticed Frances
 68351 | D:14     | Killed Frances
 68785 | D:14     | Found a gate to the Vaults.
 69745 | Vaults:1 | Entered Level 1 of the Vaults
 70747 | Vaults:1 | Found a glowing silver altar of Zin.
 70747 | Vaults:1 | Found a glowing golden altar of the Shining One.
 70750 | Vaults:1 | Found a white marble altar of Elyvilon.
 72871 | Vaults:1 | Found Ichua's General Store.
 72951 | Vaults:2 | Found a staircase to the Crypt.
 73448 | Vaults:2 | Identified the +8 glaive of Vipammuf {flame, rN+ Str+2
                  | Dex+3}
 73917 | Vaults:2 | Reached XP level 18. HP: 87/87 MP: 30/36
 76382 | Vaults:3 | Noticed Saint Roka
 76668 | Vaults:3 | Noticed Boris
 76671 | Vaults:3 | Blown up by Boris
 76672 | Vaults:3 | Reached XP level 17. HP: -6/83 MP: 35/35
 76785 | Vaults:2 | Reached XP level 18. HP: 87/87 MP: 36/36
 78331 | Vaults:3 | Noticed Margery
 78877 | Vaults:4 | Noticed Xtahua
 78883 | Vaults:4 | Found a flickering gateway to a bazaar.
 79129 | Bazaar   | Entered a bazaar
 79152 | Bazaar   | Found Utaifear's Antique Armour Emporium.
 79167 | Bazaar   | Found Raixiyr's Book Shoppe.
 79182 | Bazaar   | Found Niul's Magic Scroll Emporium.
 79182 | Bazaar   | Found Dolan's Antique Weapon Shoppe.
 79203 | Bazaar   | Found Onoegruto's Jewellery Shoppe.
 79314 | Bazaar   | Bought a book of Transfigurations for 770 gold pieces
 79314 | Bazaar   | Bought a Necronomicon for 1545 gold pieces
 79325 | Bazaar   | Learned a level 6 spell: Statue Form
 79369 | Bazaar   | Bought a scroll of teleportation for 48 gold pieces
 79369 | Bazaar   | Bought a scroll of fog for 32 gold pieces
 79369 | Bazaar   | Bought 2 scrolls of teleportation for 96 gold pieces
 79369 | Bazaar   | Bought a scroll of teleportation for 48 gold pieces
 79369 | Bazaar   | Bought a scroll of magic mapping for 56 gold pieces
 79369 | Bazaar   | Bought a scroll of magic mapping for 56 gold pieces
 79662 | Vaults:4 | Reached skill level 1 in Transmutations
 79983 | Vaults:4 | Identified the +0 pair of boots of Xaaxomit {Harm Str+9
                  | Int-5 Dex-5}
 80490 | Vaults:4 | Noticed Jory
 82749 | Vaults:4 | Reached XP level 19. HP: 92/92 MP: 30/37
 83420 | Vaults:4 | Gained mutation: You are partially covered in slimy green
                  | scales. (AC +2) [potion of mutation]
 83420 | Vaults:4 | Gained mutation: Your flesh is cold resistant. (rC+)
                  | [potion of mutation]
 83420 | Vaults:4 | Gained mutation: You are robust. (+10% HP) [potion of
                  | mutation]
 83420 | Vaults:4 | Gained mutation: You evolve. [potion of mutation]
 84033 | Vaults:1 | Gained mutation: You are partially covered in icy blue
                  | scales. (AC +2) [evolution]
 84185 | D:15     | Entered Level 15 of the Dungeon
 84596 | D:15     | Reached skill level 15 in Fighting
 84632 | D:15     | Reached skill level 5 in Transmutations
 85018 | D:15     | Found a glowing golden altar of the Shining One.
 85316 | D:15     | Found a staircase to the Depths.
 85541 | Depths:1 | Entered Level 1 of the Depths
 87517 | Depths:1 | Found a gateway to Hell.
 88762 | Depths:2 | Found an iron altar of Okawaru.
 88762 | Depths:2 | Noticed Mara
 88894 | Depths:2 | Noticed Sizif's illusion
 89013 | Depths:2 | Noticed Sizif's illusion
 89077 | Depths:2 | Noticed Sizif's illusion
 89105 | Depths:1 | Lost mutation: You are robust. (+10% HP) [evolution]
 89300 | Depths:2 | Noticed Sizif's illusion
 90002 | Depths:1 | Noticed a dread lich
 90021 | Depths:1 | Killed a dread lich
 90022 | Depths:1 | Reached XP level 20. HP: 99/99 MP: 24/39
 90663 | Depths:2 | Killed Mara
 90664 | Depths:2 | Reached skill level 15 in Earth Magic
 90758 | Depths:2 | Identified the +3 mace of Defiance {speed, Str+2 Int+4
                  | Dex+4}
 91565 | Depths:2 | Noticed a golden dragon
 91584 | Depths:2 | Killed a golden dragon
 91584 | Depths:2 | Noticed a juggernaut
 93323 | Depths:2 | Identified the ring "Toynner" {Fire Slay+2}
 93372 | Depths:3 | Found a gateway to a bazaar.
 93594 | Depths:3 | Noticed a juggernaut
 94216 | Depths:3 | Killed from afar by a fire giant
 94217 | Depths:3 | Reached XP level 19. HP: -7/97 MP: 15/38
 94264 | Depths:3 | Reached XP level 20. HP: 102/102 MP: 25/39
 94737 | Depths:3 | Found a gateway to a ziggurat.
 94810 | Depths:3 | Identified the +4 trident "Rodeozom" {antimagic, rElec rC+
                  | SInv Stlth+}
 95692 | Depths:3 | Killed a juggernaut
 96760 | Depths:3 | Found a one-way gate leading to the halls of Pandemonium.
 96812 | Depths:4 | Found a one-way gate to the infinite horrors of the Abyss.
 97805 | Depths:4 | Gained mutation: You are partially covered in yellow
                  | scales. (AC +2) [evolution]
 98385 | Bazaar   | Entered a bazaar
 98385 | Bazaar   | Found Zulutuf's Jewellery Boutique.
 98390 | Bazaar   | Found Busooh's General Store.
 98390 | Bazaar   | Found Soicacib's Jewellery Boutique.
 98391 | Bazaar   | Found Iqeank's Jewellery Boutique.
 99231 | Depths:4 | Reached XP level 21. HP: 65/108 MP: 21/40
 99991 | Depths:5 | Entered Level 5 of the Depths
100151 | Depths:5 | Noticed a caustic shrike
100534 | Depths:5 | Noticed a caustic shrike
100701 | Depths:5 | Noticed Frederick
101053 | Elf:1    | Entered Level 1 of the Elven Halls
101392 | Elf:1    | Found Ryd Caymusm's Antique Armour Shoppe.
101392 | Elf:1    | Found a magical portal.
101420 | WizLab   | Entered Lehudib's Moon Base
101607 | WizLab   | Found a transporter.
101608 | WizLab   | Identified the +5 rapier of Makhleb {speed, Dex+3}
101608 | WizLab   | Identified the +1 pair of boots "Heshong" {rN+}
102546 | WizLab   | Gained mutation: Your body sometimes deteriorates upon
                  | taking damage. [a neqoxec]
102547 | WizLab   | Gained mutation: You expend magic power (3 MP) to
                  | strengthen your wands. [a neqoxec]
102570 | WizLab   | Gained mutation: [You are dopey. (Int -2)] [a neqoxec]
102905 | WizLab   | Identified the +0 hat of the Harvest Moon {Str+2}
102974 | WizLab   | Gained mutation: [You are very dopey. (Int -4)] [a neqoxec]
103631 | WizLab   | Found a transporter.
103881 | WizLab   | HP: 1/143 [moon troll (16)]
104460 | Elf:1    | Identified the +1 leather armour of Kilush {*Corrode Int+8}
104917 | Elf:1    | Found Vetum's Antique Armour Shoppe.
105971 | Elf:2    | Found a runed translucent gate.
105971 | Elf:2    | Found a runed translucent gate.
105972 | Elf:2    | Found a runed translucent gate.
106016 | Elf:3    | Entered Level 3 of the Elven Halls
106271 | Elf:3    | Reached XP level 22. HP: 115/115 MP: 41/41
106274 | Elf:3    | Found a runed translucent door.
106298 | Elf:3    | Gained mutation: You possess an exceptional clarity of
                  | mind. [evolution]
106532 | Elf:3    | Found Mekeoss's Distillery.
106532 | Elf:3    | Found Wuimi's Armour Shop.
106535 | Elf:3    | Found Guzxymno's General Store.
106551 | Elf:3    | Bought a potion of heal wounds for 75 gold pieces
106551 | Elf:3    | Bought 2 potions of haste for 300 gold pieces
106551 | Elf:3    | Bought 3 potions of haste for 450 gold pieces
106551 | Elf:3    | Bought a potion of resistance for 150 gold pieces
106902 | Elf:3    | Found the +9 staff of Olgreb {rPois∞}
106902 | Elf:3    | Found the +3 pair of gauntlets of War {Slay+5}
106902 | Elf:3    | Identified the amulet of Ephemeral Luck {rPois rC+ Regen+
                  | Int+4 Slay-3}
106903 | Elf:3    | Found the +27 Lear's hauberk
106904 | Elf:3    | Identified the +8 halberd of Annihilation {vorpal, rC+
                  | Str-3 Int+3 Dex+2}
106979 | Elf:3    | Killed from afar by a deep elf elementalist
106980 | Elf:3    | Reached XP level 21. HP: -5/111 MP: 7/40
107128 | Elf:3    | Identified the ring "Hib Veng" {Ice rPois Dex+3}
107827 | Elf:3    | Identified the +1 plate armour of the Big Bang {Rampage rC-
                  | Str+5 Stlth+}
108134 | Elf:3    | Identified the +0 mace of Distant Shores {freeze, rElec}
110402 | Elf:3    | Identified the +4 hand crossbow of the Ship {vorpal,
                  | Stlth+}
110448 | Elf:3    | Learned a level 2 spell: Passwall
110742 | Orc:2    | Learned a level 5 spell: Lee's Rapid Deconstruction
110749 | Orc:2    | Learned a level 6 spell: Invisibility
110989 | Vaults:2 | Killed Margery
111786 | Vaults:4 | Gained mutation: You have a pair of small antennae on your
                  | head. [evolution]
111884 | Vaults:5 | Entered Level 5 of the Vaults
113047 | Vaults:5 | Cast into level 2 of the Abyss (a deep elf demonologist)
113082 | Vaults:5 | Escaped the Abyss
113815 | Vaults:4 | Reached XP level 22. HP: 98/117 MP: 14/41
114078 | Vaults:4 | Reached skill level 15 in Spellcasting
114163 | Vaults:4 | Killed Jory
114516 | Vaults:5 | Noticed an ancient lich
114599 | Vaults:5 | Killed an ancient lich
115055 | Vaults:5 | Identified the +2 dagger of the Thieving Coward {antimagic,
                  | Dex+4}
115067 | Vaults:5 | Noticed an ancient lich
115282 | Vaults:5 | Identified the +7 flail "Tisa Tusm" {drain, Int+3}
115282 | Vaults:5 | Identified the ring of Owkeqix {rElec rPois Str-3 Int+3
                  | SInv}
116039 | Vaults:5 | Identified the +6 long sword "Ulaufici" {speed, Will+}
117014 | Vaults:5 | Killed an ancient lich
117689 | Vaults:5 | Identified the +7 mace of Innewk {elec, SInv Stlth+}
117689 | Vaults:5 | Identified the ring of Ijuun {rN+++ Dex-5 Slay+4}
117702 | Vaults:5 | Identified the +0 helmet "Saecelam" {rC+ Dex+2}
118202 | Vaults:5 | Identified the Compendium of Igneous Clay
118203 | Vaults:5 | Noticed a golden dragon
118252 | Vaults:5 | Killed a golden dragon
118259 | Vaults:5 | Got a silver rune of Zot
118522 | Vaults:5 | Noticed a golden dragon
118527 | Vaults:5 | Killed a golden dragon
118777 | Vaults:5 | Identified the +4 leather armour of the Twelve Brambles
                  | {Will+ Str+3}
119030 | Vaults:5 | Lost mutation: [You are very dopey. (Int -4)] [evolution]
119247 | Vaults:5 | Reached XP level 23. HP: 118/119 MP: 31/44
119468 | Vaults:5 | Learned a level 9 spell: Shatter
120016 | D:14     | Killed Veteran's ghost
120221 | Hell     | Entered the Vestibule of Hell
120221 | Hell     | Noticed Geryon
121092 | Crypt:1  | Entered Level 1 of the Crypt
123755 | Crypt:2  | Found a runed translucent gate.
123755 | Crypt:2  | Found a runed translucent gate.
123755 | Crypt:2  | Found a runed translucent gate.
123755 | Crypt:2  | Noticed Juwkui's ghost (veteran MiBe)
123757 | Crypt:2  | Identified the +6 mace "Zublaf Tumi" {freeze, rPois Str+2
                  | Dex-3}
124832 | Crypt:3  | Entered Level 3 of the Crypt
125345 | Crypt:3  | Found a basalt altar of Yredelemnul.
125346 | Crypt:3  | Identified a scroll of acquirement
125892 | Crypt:3  | Acquired Sif Muna's Volume of Flames and Curses
126212 | Crypt:3  | Identified the +10 mace "Baoss" {drain, *Drain rF+ Int+3
                  | Dex+3}
126227 | Crypt:3  | Reached XP level 24. HP: 126/126 MP: 33/44
126263 | Crypt:3  | Identified the amulet of Xonauch {rF+ rN+ Regen+ Dex-5
                  | Stlth+}
126263 | Crypt:3  | Identified the ring "Lufank" {rElec rC++ rN+ SInv Stlth-}
126789 | Crypt:3  | Identified the +10 spear "Ufreick" {freeze, rC+ Str+5}
126956 | Crypt:3  | Found a staircase to the Tomb.
127036 | Crypt:3  | Identified Borgnjor's Almanac of Evil Rituals
127119 | Tomb:1   | Entered Level 1 of the Tomb of the Ancients
128228 | Tomb:1   | Noticed a royal mummy
128229 | Tomb:1   | Noticed a royal mummy
128595 | Tomb:1   | Noticed a royal mummy
129801 | Hell     | Reached skill level 10 in Unarmed Combat
130075 | Depths:2 | Killed a juggernaut
130648 | Hell     | Killed Geryon
130716 | Hell     | Found a gateway to the ashen valley of Gehenna.
130776 | Hell     | Found a gateway to the Iron City of Dis.
130863 | Hell     | Found a gateway to the freezing wastes of Cocytus.
131021 | Hell     | Found a gateway to the decaying netherworld of Tartarus.
131210 | Hell     | Identified the cursed amulet "Gaze Upon Infinity" {RegenMP,
                  | Evo, Elem} (You found it on level 1 of the Elven Halls)
131259 | Coc:1    | Entered Level 1 of Cocytus
131334 | Coc:1    | Reached XP level 25. HP: 129/129 MP: 29/44
131367 | Coc:1    | Noticed a shard shrike
131372 | Coc:1    | Killed a shard shrike
132733 | Coc:2    | Noticed a shard shrike
132735 | Coc:2    | Killed a shard shrike
133467 | Coc:2    | Noticed a shard shrike
133470 | Coc:2    | Killed a shard shrike
134531 | Coc:3    | Noticed a shard shrike
134535 | Coc:3    | Killed a shard shrike
134790 | Coc:3    | Noticed a shard shrike
134793 | Coc:3    | Killed a shard shrike
135210 | Coc:3    | Noticed a shard shrike
135214 | Coc:3    | Killed a shard shrike
135468 | Coc:3    | Noticed a shard shrike
135475 | Coc:3    | Killed a shard shrike
135562 | Coc:4    | Reached XP level 26. HP: 134/134 MP: 33/47
137048 | Coc:4    | Reached skill level 15 in Unarmed Combat
137058 | Coc:4    | Learned a level 9 spell: Tornado
137079 | Coc:4    | Reached skill level 1 in Air Magic
137168 | Coc:4    | Found a huge runed gate.
137168 | Coc:4    | Found a huge runed gate.
137168 | Coc:4    | Found a huge runed gate.
137168 | Coc:4    | Found a huge runed gate.
137168 | Coc:4    | Found a huge runed gate.
137170 | Coc:4    | Found a huge runed gate.
137171 | Coc:4    | Found a huge runed gate.
137171 | Coc:4    | Found a huge runed gate.
137172 | Coc:4    | Found a huge runed gate.
137175 | Coc:4    | Found a huge runed gate.
137177 | Coc:4    | Found a huge runed gate.
137180 | Coc:4    | Noticed a dread lich
137827 | Coc:4    | Reached skill level 5 in Air Magic
138281 | Coc:4    | Killed a dread lich
138374 | Coc:4    | Noticed an ancient lich
138382 | Coc:4    | Killed an ancient lich
138383 | Coc:4    | Reached skill level 10 in Air Magic
138383 | Coc:4    | Reached XP level 27. HP: 138/138 MP: 10/47
138445 | Coc:4    | Gained mutation: Your muscles are strong. (Str +2)
                  | [evolution]
138892 | Coc:4    | Noticed an ancient lich
138898 | Coc:4    | Killed an ancient lich
140358 | Coc:5    | Reached skill level 15 in Air Magic
141531 | Coc:7    | Entered Level 7 of Cocytus
141911 | Coc:7    | Identified the +7 plate armour of the Everdark {Int+7}
141912 | Coc:7    | Identified the amulet "Kuogg" {RegenMP Int+5}
142427 | Coc:7    | Identified the +5 war axe of Qessum {vorpal, rC+++ MP+9
                  | Int-4 SInv}
143075 | Coc:7    | Identified the +5 spear of Raocuido {elec, rPois Int+3}
143844 | Coc:7    | Identified the +6 quarterstaff "Lacertilianbane" {flame,
                  | *Slow rF+ Str+5 Int+2}
144538 | Coc:7    | Noticed Antaeus
144976 | Coc:7    | Got an icy rune of Zot
145367 | D:7      | Killed Menkaure
145407 | D:7      | Killed RamboRex's ghost
145704 | Depths:5 | Killed Frederick
146188 | Depths:5 | Found a gate to the Realm of Zot.
146211 | Zot:1    | Entered Level 1 of the Realm of Zot
147042 | Zot:2    | Gained mutation: Your spells are a little harder to cast,
                  | but a little more powerful. [evolution]
149431 | Zot:3    | Killed from afar by a fire giant
149470 | Zot:3    | Noticed a dread lich
149538 | Zot:3    | Killed a dread lich
150965 | Zot:5    | Entered Level 5 of the Realm of Zot
151555 | Zot:5    | Noticed a dread lich
151566 | Zot:5    | Killed a dread lich
151777 | Dis:1    | Entered Level 1 of the Iron City of Dis
154344 | Dis:3    | Reached skill level 27 in Unarmed Combat
157673 | Dis:7    | Entered Level 7 of the Iron City of Dis
157708 | Dis:7    | Reached skill level 1 in Ice Magic
157927 | Dis:7    | Reached skill level 5 in Ice Magic
158751 | Dis:7    | Found the +4 staff of Dispater
158751 | Dis:7    | Noticed Dispater
159078 | Dis:7    | Identified the +8 hand axe of Defiance {vorpal, SInv}
159078 | Dis:7    | Identified the +13 crystal plate armour of Modesty {+Fly
                  | Dex+3}
159259 | Dis:7    | Reached skill level 10 in Transmutations
159710 | Dis:7    | Identified the +7 scimitar "Ytaeh" {pain, +Rage rF+ Will+}
159781 | Dis:7    | Identified Sif Muna's Handbook of the Rocks
159876 | Dis:7    | Identified the +7 dire flail "Ruadelul" {vorpal, rPois rF-
                  | Str+4}
160044 | Dis:7    | Got an iron rune of Zot
160176 | Tar:1    | Entered Level 1 of Tartarus
160570 | Tar:1    | Reached skill level 15 in Conjurations
161148 | Tar:7    | Entered Level 7 of Tartarus
161499 | Tar:7    | Reached skill level 10 in Ice Magic
161887 | Tar:7    | Identified the +6 quarterstaff "Ugay" {flame, rF+ rN+}
162236 | Tar:7    | Gained mutation: Your flesh is very cold resistant. (rC++)
                  | [evolution]
162245 | Tar:7    | Identified the ring "Kygirig" {rCorr Str+4}
162452 | Tar:7    | Reached skill level 15 in Ice Magic
162715 | Tar:7    | Identified the Compendium of Unstable Intoxication
162717 | Tar:7    | Noticed Ereshkigal
162891 | Tar:7    | Noticed an ancient lich
162893 | Tar:7    | Killed an ancient lich
163257 | Tar:7    | Identified the Guide on Hexes
163257 | Tar:7    | Identified the +1 robe "Ocixkuz" {-Tele Will++ rCorr
                  | Stlth+}
163264 | Tar:7    | Got a bone rune of Zot
163420 | Geh:1    | Entered Level 1 of Gehenna
163760 | Geh:2    | Identified the cursed ring of the Esoteric Pleiades {rF+,
                  | Melee, Self} (You found it on level 13 of the Dungeon)
165453 | Geh:7    | Entered Level 7 of Gehenna
166271 | Geh:7    | Noticed the Serpent of Hell
166305 | Geh:7    | Reached skill level 27 in Dodging
166577 | Geh:7    | Identified the Reference Book on Fiery Hexes
166739 | Geh:7    | Identified the Compendium of Intoxication and the Escort
166739 | Geh:7    | Identified the +3 chain mail of the Vestibule of Hell
                  | {*Contam rPois rN+ Slay+4}
166739 | Geh:7    | Identified the Disquisition on the Frostbite and Stones
166740 | Geh:7    | Identified the ring of the Will of the Gods {AC+4 Int+4}
166740 | Geh:7    | Identified Sif Muna's Grimoire of Dislocated Weightlessness
166741 | Geh:7    | Identified the +0 robe "Lesiofom" {+Blink Str+3 Int+5}
166743 | Geh:7    | Got an obsidian rune of Zot
167077 | Crypt:1  | Killed Juwkui's ghost
167217 | Tomb:1   | Noticed a royal mummy
167225 | Tomb:1   | Killed a royal mummy
167225 | Tomb:1   | Noticed a royal mummy
167269 | Tomb:1   | Noticed a royal mummy
167272 | Tomb:1   | Killed a royal mummy
167273 | Tomb:1   | Killed a royal mummy
167498 | Tomb:1   | Killed a royal mummy
167524 | Tomb:1   | Noticed a royal mummy
167656 | Tomb:1   | Killed a royal mummy
167660 | Tomb:1   | Noticed a royal mummy
167668 | Crypt:3  | Killed a royal mummy
167669 | Crypt:3  | Reached skill level 15 in Transmutations
167948 | Tomb:1   | Noticed a royal mummy
167954 | Tomb:1   | Noticed a royal mummy
167963 | Tomb:1   | Noticed a royal mummy
168224 | Crypt:3  | Killed a royal mummy
168423 | Tomb:1   | Killed a royal mummy
168501 | Crypt:3  | Killed a royal mummy
168632 | Tomb:1   | Noticed a royal mummy
168694 | Tomb:1   | Noticed a royal mummy
168848 | Tomb:1   | Killed a royal mummy
168896 | Tomb:1   | Noticed a royal mummy
168901 | Tomb:1   | Killed a royal mummy
168937 | Tomb:1   | Noticed a royal mummy
168941 | Tomb:1   | Killed a royal mummy
169050 | Tomb:1   | Noticed a royal mummy
169060 | Tomb:1   | Killed a royal mummy
169060 | Tomb:1   | Lost strength.
169411 | Tomb:1   | Noticed a royal mummy
169417 | Tomb:1   | Killed a royal mummy
169438 | Tomb:1   | Killed a royal mummy
170714 | Tomb:1   | Noticed a royal mummy
170721 | Tomb:1   | Noticed a royal mummy
170846 | Tomb:1   | Noticed a royal mummy
170858 | Tomb:1   | Noticed a royal mummy
171739 | Tomb:1   | Killed a royal mummy
171740 | Tomb:1   | Killed a royal mummy
173056 | Crypt:3  | Gained mutation: You are strong-willed. (Will+) [evolution]
173223 | Tomb:1   | Killed a royal mummy
173666 | Slime:1  | Entered Level 1 of the Pits of Slime
174090 | Slime:1  | Gained mutation: You are frail. (-10% HP) [a shining eye]
174588 | Slime:1  | Gained mutation: You are very frail. (-20% HP) [a shining
                  | eye]
174952 | Slime:3  | HP: 3/143 [acid (12)]
174953 | Slime:3  | Splashed with acid
174966 | Slime:3  | Lost mutation: Your spells are a little harder to cast, but
                  | a little more powerful. [a shining eye]
174966 | Slime:3  | Gained mutation: [Your magical capacity is low. (-10% MP)]
                  | [a shining eye]
175549 | Slime:4  | Paralysed by a floating eye for 3 turns
175556 | Slime:3  | Paralysed by a floating eye for 2 turns
176845 | Slime:5  | Entered Level 5 of the Pits of Slime
177907 | Slime:5  | Gained mutation: [You are very dopey. (Int -4)] [a shining
                  | eye]
177920 | Slime:5  | Identified the +2 short sword "Ytiast" {elec, +Blink Int-5
                  | Dex+3}
177921 | Slime:5  | Identified the ring of Jealousy {+Fly Int+4}
178023 | Slime:5  | Identified the ring of Wyseppoo {Dex+2 Slay+4}
178136 | Slime:5  | Found a viscous altar of Jiyva.
178137 | Slime:5  | Noticed the Royal Jelly
178330 | Slime:5  | Identified the ring of Thoughtfulness {rPois Str+6 Int+5}
178380 | Slime:5  | Got a slimy rune of Zot
178643 | Slime:2  | Lost mutation: Your muscles are strong. (Str +2) [a shining
                  | eye]
178645 | Slime:3  | Gained mutation: You do not regenerate when monsters are
                  | visible. [a shining eye]
178646 | Slime:3  | Gained mutation: You are weak. (Str -2) [a shining eye]
178646 | Slime:3  | Gained mutation: Potions are less effective at restoring
                  | your health. [a shining eye]
179135 | Tomb:1   | Killed a royal mummy
179223 | Tomb:1   | Killed a royal mummy
179374 | Tomb:1   | Learned a level 8 spell: Necromutation
179802 | Geh:1    | Reached skill level 1 in Necromancy
179886 | Geh:1    | Reached skill level 5 in Necromancy
181353 | Geh:3    | Reached skill level 10 in Necromancy
184376 | Geh:5    | Reached skill level 15 in Necromancy
185143 | Hell     | Lost mutation: You evolve. [potion of mutation]
185143 | Hell     | Lost mutation: [You are very dopey. (Int -4)] [potion of
                  | mutation]
185143 | Hell     | Gained mutation: You can translocate small distances at
                  | will. [potion of mutation]
185144 | Hell     | Lost mutation: You are strong-willed. (Will+) [potion of
                  | mutation]
185144 | Hell     | Lost mutation: [You are dopey. (Int -2)] [potion of
                  | mutation]
185144 | Hell     | Gained mutation: Your mind is acute. (Int +2) [potion of
                  | mutation]
185145 | Hell     | Lost mutation: Your body sometimes deteriorates upon taking
                  | damage. [potion of mutation]
185145 | Hell     | Lost mutation: You possess an exceptional clarity of mind.
                  | [potion of mutation]
185145 | Hell     | Lost mutation: [Your magical capacity is low. (-10% MP)]
                  | [potion of mutation]
185145 | Hell     | Lost mutation: Your mind is acute. (Int +2) [potion of
                  | mutation]
185145 | Hell     | Lost mutation: You are very frail. (-20% HP) [potion of
                  | mutation]
185145 | Hell     | Gained mutation: Your flesh is almost immune to the effects
                  | of cold. (rC+++) [potion of mutation]
185146 | Hell     | Lost mutation: Potions are less effective at restoring your
                  | health. [potion of mutation]
185146 | Hell     | Lost mutation: You have a pair of small antennae on your
                  | head. [potion of mutation]
185146 | Hell     | Lost mutation: You are weak. (Str -2) [potion of mutation]
185146 | Hell     | Gained mutation: Your mind is acute. (Int +2) [potion of
                  | mutation]
185146 | Hell     | Gained mutation: You have a pair of small antennae on your
                  | head. [potion of mutation]
185147 | Hell     | Lost mutation: Your flesh is almost immune to the effects
                  | of cold. (rC+++) [potion of mutation]
185147 | Hell     | Lost mutation: You are partially covered in yellow scales.
                  | (AC +2) [potion of mutation]
185147 | Hell     | Lost mutation: You are frail. (-10% HP) [potion of
                  | mutation]
185147 | Hell     | Gained mutation: You occasionally shout uncontrollably at
                  | your foes. [potion of mutation]
185147 | Hell     | Gained mutation: You passively map a small area around you.
                  | [potion of mutation]
186011 | Tomb:2   | Noticed a royal mummy
186011 | Tomb:2   | Noticed a royal mummy
186012 | Tomb:2   | Noticed a royal mummy
186012 | Tomb:2   | Noticed a royal mummy
186020 | Tomb:2   | Killed from afar by a royal mummy
186170 | Tomb:2   | Noticed a royal mummy
186436 | Tomb:2   | Killed a royal mummy
186595 | Tomb:2   | Killed a royal mummy
186596 | Tomb:2   | Killed a royal mummy
186848 | Tomb:1   | Killed a royal mummy
186889 | Tomb:2   | Killed a royal mummy
186896 | Tomb:2   | Killed a royal mummy
187660 | Tomb:3   | Entered Level 3 of the Tomb of the Ancients
187694 | Tomb:3   | Noticed a royal mummy
187694 | Tomb:3   | Noticed a royal mummy
187694 | Tomb:3   | Noticed a royal mummy
187695 | Tomb:3   | Identified the +0 pair of gloves of Hedge Wizardry {rElec
                  | Str+5}
187703 | Tomb:3   | Identified the +1 flail "Ultimatum" {pain, Int+3}
187703 | Tomb:3   | Identified the ring of Rueka {rElec rF+++ MP+9 Str-3 Dex+2}
187703 | Tomb:3   | Identified the +2 helmet "Doyteust" {rN+}
187703 | Tomb:3   | Identified the +2 robe of the Wumpus {*Slow rC+ Will+
                  | Int+4}
187703 | Tomb:3   | Found the +13 scythe of Curses {drain, *Drain}
187703 | Tomb:3   | Identified the +9 flail "Teiges" {drain, Will++ Int-3
                  | Dex+3}
187703 | Tomb:3   | Identified the +1 ice dragon scales of the Hidden Vale {rF-
                  | rC++ Int+5}
187703 | Tomb:3   | Identified the +10 rapier of Rubbish {antimagic, Dex+4}
188084 | Tomb:3   | Got a golden rune of Zot
188116 | Tomb:3   | Noticed a royal mummy
188847 | Pan      | Entered Pandemonium
188865 | Pan      | Identified the +1 leather armour of the Garden {Rampage
                  | Str+4 Slay+5 Stlth-}
188911 | Depths:3 | Escaped Pandemonium
188913 | Pan      | Entered Pandemonium
188916 | Pan      | Lost mutation: You expend magic power (3 MP) to strengthen
                  | your wands. [a cacodemon]
188919 | Pan      | Noticed Foappio the pandemonium lord
188921 | Pan      | Gained mutation: You are partially covered in iridescent
                  | scales. (AC +2) [a cacodemon]
189891 | Pan      | Identified the ring "Zousus" {+Blink rF+ Str+3 SInv}
189909 | Pan      | Found a transporter.
189910 | Pan      | Identified the ring of Benevolence {+Fly rElec Will+++
                  | Int-3 SInv}
189910 | Pan      | Identified the +1 chain mail of Pathos {rN+}
189911 | Pan      | Identified the amulet "Qasiy" {Faith *Corrode *Slow rF+++
                  | Int+4}
190087 | Pan      | HP: 2/138 [torturous blood saint/iceblast (31)]
190087 | Pan      | Killed from afar by a torturous blood saint
190131 | Pan      | Entered the realm of Mnoleg.
190158 | Pan      | Gained mutation: You are frail. (-10% HP) [a cacodemon]
190188 | Pan      | Gained mutation: You tend to lose your temper in combat. [a
                  | neqoxec]
190252 | Pan      | Gained mutation: You have a pair of antennae on your head.
                  | [a neqoxec]
190492 | Pan      | Gained mutation: [Your magical capacity is low. (-10% MP)]
                  | [a cacodemon]
190620 | Pan      | Paralysed by a floating eye for 4 turns
190671 | Pan      | Gained mutation: You are weak. (Str -2) [a shining eye]
190787 | Pan      | Noticed Mnoleg
190883 | Pan      | Gained mutation: Your body sometimes deteriorates upon
                  | taking damage. [a neqoxec]
190987 | Pan      | Gained mutation: [Your spells are a little easier to cast,
                  | but a little less powerful.] [a cacodemon]
191004 | Pan      | Gained mutation: You often lose your temper in combat. [a
                  | shining eye]
191139 | Pan      | Got a glowing rune of Zot
191186 | Pan      | Entered the realm of Lom Lobon.
191281 | Pan      | Lost mutation: You can translocate small distances at will.
                  | [potion of mutation]
191281 | Pan      | Lost mutation: You are weak. (Str -2) [potion of mutation]
191281 | Pan      | Lost mutation: [Your magical capacity is low. (-10% MP)]
                  | [potion of mutation]
191281 | Pan      | Lost mutation: You have a pair of antennae on your head.
                  | [potion of mutation]
191281 | Pan      | Lost mutation: You often lose your temper in combat.
                  | [potion of mutation]
191533 | Pan      | Noticed Lom Lobon
192043 | Pan      | Got a magical rune of Zot
192225 | Pan      | Noticed Vyjazxas the pandemonium lord
192228 | Pan      | Identified the +8 shortbow of Rytamy {venom, rF+}
192231 | Pan      | Identified the +3 mace "Wicriso" {flame, rF+ rN++ Will-}
192241 | Pan      | Entered the realm of Cerebov.
192265 | Pan      | Identified the +3 quarterstaff of Meq Zosi {freeze,
                  | *Corrode rPois SInv Stlth-}
192286 | Pan      | Identified the +7 hand axe "Huragocwei" {freeze, Str+5}
192722 | Pan      | Got a fiery rune of Zot
193018 | Pan      | Entered the realm of Gloorx Vloq.
194181 | Pan      | Got a dark rune of Zot
194424 | Pan      | Noticed Jakkilau the pandemonium lord
194439 | Pan      | Found an exit through the horrors of the Abyss.
194535 | Pan      | Noticed Mnoleg
194565 | Pan      | Noticed Gloorx Vloq
194568 | Pan      | Noticed Gaeliwk the pandemonium lord
195043 | Pan      | Found an exit through the horrors of the Abyss.
195289 | Pan      | Identified the +2 pair of gloves of Sytz {+Inv Dex+4}
195300 | Pan      | Noticed Eleis the pandemonium lord
196298 | Pan      | Noticed Gloorx Vloq
196336 | Pan      | Gained mutation: [Your magical capacity is low. (-10% MP)]
                  | [a cacodemon]
196533 | Pan      | Noticed Ignacio
196538 | Pan      | Noticed Nyown the pandemonium lord
196539 | Pan      | Killed Ignacio
196540 | Pan      | Noticed Gloorx Vloq
196552 | Pan      | HP: 6/124 [soul eater/drain life (18)]
196971 | Pan      | Noticed Lom Lobon
196973 | Pan      | Noticed Femiahot the pandemonium lord
196978 | Pan      | Noticed Gloorx Vloq
196992 | Pan      | Killed Gloorx Vloq
197075 | Pan      | Hit by a silver javelin thrown by a merfolk javelineer

Illustrated notes

Levels and vault maps discovered:
D:1:      scummos_arrival_checkerplants, layout_basic, serial_forest,
          infiniplex_forest_lined_room_, infiniplex_forest_lined_room_2,
          infiniplex_forest_clump_double, infiniplex_forest_corner_1,
          infiniplex_forest_lined_2, infiniplex_forest_clump_diagonal,
          infiniplex_forest_end_double, solitary_fountain
D:2:      minmay_inner_zag, layout_basic,
          chequers_temple_overflow_statue_of_worship
D:3:      layout_basic
D:4:      layout_basic, minmay_misc_feat_more_columns, nrook_mini_backslash
D:5:      layout_layer_cave, uniq_prince_ribbit1
D:6:      minmay_cornered_nines, layout_layer_cave, minmay_temple_entry_grid
D:7:      layout_rooms, kennysheep_mini, nzn_ghost_randoct,
          minmay_fractal_squares_gapless_5, uniq_menkaure
D:8:      layout_loops_cross, special_room [special_room_orc],
          chequers_mini_garden
D:9:      layout_gridville, minmay_lair_entry_grove
D:10:     kennysheep_windowed_halls, layout_irregular_city
D:11:     layout_loops_ring
D:12:     layout_long_grid, david_orc_1_choice, serial_shops,
          nicolae_shop_trees, minmay_nine_imps, uniq_fannar
D:13:     layout_stronghold, biasface_ghost_orc_armoury, st_stairs_11,
          minivault_25_ag, minmay_misc_feat_secret_circle, drop_trap,
          kennysheep_generic_room_14
D:14:     layout_basic, skrybe_vaults_entry_preservation,
          gammafunk_ghost_spectres, enter_bailey_3, uniq_frances
D:15:     grunt_enter_depths_magical_seal, layout_loops_corners, tso_altar,
          minmay_misc_feat_alley, minmay_increasing_density
Temple:   eino_narrow_crystal_temple
Lair:1:   layout_regular_city, chequers_serial_rivers_marsh
Lair:2:   layout_loops_ring, enter_volcano_2, basic_altar,
          nzn_masters_of_martial_movement, lemuel_fruit_tree
Lair:3:   wander_river, layout_small_grid, minmay_swamp_entry_swarm,
          spider_nest_entry_a
Lair:4:   wad_woods_minihive, layout_misc_corridors, basic_altar,
          minmay_lair_oklob_chamber
Lair:5:   layout_roguey, minmay_slime_entry_oklob_enclosed, fungi_pond_lemuel,
          cheibrodos_lair_lostbears
Lair:6:   due_jungle_book, layout_regular_city,
          grunt_forest_small_clearing_treed, infiniplex_staircase_pool_2,
          grunt_megastairs_5
Swamp:1:  layout_basic_swamp, nicolae_swamp_triple_paths, uniq_aizul
Swamp:2:  layout_basic_swamp, nicolae_swamp_little_tower, swamp_pool1,
          infiniplex_staircase_pool
Swamp:3:  layout_basic_swamp, nicolae_swamp_godswood
Swamp:4:  swamp_basic_johnstein, layout_basic_swamp, swamp_pool4
Spider:1: layout_spider_delve, uniq_azrael, uniq_donald
Spider:2: layout_spider_delve, nicolae_spider_cling_halls
Spider:3: layout_spider_delve, hive_lemuel
Spider:4: grunt_spider_rune_circles, nicolae_spider_circle_web, uniq_arachne,
          uniq_louise
Slime:1:  layout_caves, nicolae_slime_phagocytosis
Slime:2:  layout_caves
Slime:3:  layout_caves
Slime:4:  layout_caves
Slime:5
Orc:1:    gammafunk_beogh_shrine, layout_caves, bh_open_orc_temple, uniq_jorgrun
Orc:2:    kennysheep_orc_mage_school, layout_caves, sword_in_stone,
          uniq_josephine, uniq_maurice
Elf:1:    eino_elf_arrival_customs, layout_gridlike, serial_shops, shop,
          nicolae_shop_crystal, mu_enter_wizlab_6, hangedman_elf_represent,
          moated_statue
Elf:2:    layout_geoelf_octagon
Elf:3:    minmay_elf_hall_curves, layout_geoelf_octagon, serial_glass,
          glass_columns_a, glass_columns_a, minivault_13, minmay_shop_star
Vaults:1: nicolae_vaults_mini_display_case, hangedman_vaults_stitches,
          v_misc_12, hangedman_vaults_stretched_pinwheel,
          nicolae_vaults_network_square, v_misc_18, nicolae_vaults_alarming,
          vaults_dpeg_encased_lava, grunt_vaults_bifocal, layout_vaults_omnibox,
          portal_desolation_entry_holy_temple, serial_shops, shop
Vaults:2: minmay_crypt_entry_simple_corners, vaults_room_semicircle,
          grunt_vaults_twisty, v_misc_8, ontoclasm_vaults_ring_square,
          nicolae_vaults_big_angled_halls, vaults_room_large_hall,
          layout_vaults_omnicross
Vaults:3: ontoclasm_vaults_chip, nicolae_vaults_circle_grid_b,
          vaults_mumra_hexcomb, hangedman_vaults_capsules,
          grunt_vaults_hallway_short, v_misc_23, v_pattern_4, st_lattice,
          layout_vaults_chaotic_city, uniq_boris, uniq_saint_roka, uniq_margery
Vaults:4: hangedman_vaults_trim, vaults_dpeg_hooks, dpeg_vaults_monster_box,
          vaults_room_fancy_cross, hangedman_vaults_pinch,
          nicolae_vaults_little_squares_5, v_alt_pattern_6,
          grunt_vaults_diagonal, v_pattern_3, layout_vaults_omnigrid,
          serial_shops, bzr_in_the_mist, uniq_jory, uniq_xtahua
Vaults:5
Crypt:1:  layout_rooms, st_stairs_3
Crypt:2:  layout_rooms, gammafunk_ghost_necromancy
Crypt:3:  grunt_crypt_end_deaths_head
Tomb:1
Tomb:2
Tomb:3
Depths:1: layout_basic, roderic_three_in_a_row, hellmouth_3, nzn_random_ring
Depths:2: grunt_arcs, layout_cave_pools, hell_entry, minmay_strange_pillars,
          okawaru_ov_weapons_minmay, uniq_mara
Depths:3: minmay_the_grid_triangle_9x9_line_8_mashed
          [minmay_the_grid_triangle_9x9_limited_checkers,
          minmay_the_grid_triangle_9x9_warning,
          minmay_the_grid_triangle_9x9_corrupted_corridor,
          minmay_the_grid_triangle_9x9_steps,
          minmay_the_grid_triangle_9x9_cache,
          minmay_the_grid_triangle_9x9_sparse_checkered,
          minmay_the_grid_triangle_9x9_windchime,
          minmay_the_grid_triangle_9x9_prize_insulated], layout_gridlike,
          enter_ziggurat_e, pan_entry, pf_dread_powers_of_hell, serial_shops,
          statue_bzr, hangedman_abyss_or_decor_slice
Depths:4: hangedman_cross_stitches, layout_gridlike, hangedman_coc_ice_floe,
          kennysheep_decorative_pillar, abyss_entry_glasseish
Depths:5: grunt_zot_entry_alcove, layout_basic, grunt_hell_entry_demonic_statue,
          minivault_11, uniq_frederick
Hell
Dis:1:    layout_subdivisions
Dis:2:    layout_gridville
Dis:3:    layout_jigsaw
Dis:4:    layout_regular_city
Dis:5:    layout_regular_city, hangedman_mysterious_dungeon_monster_house,
          grunt_megastairs_4
Dis:6:    layout_overlapping_boxes, lemuel_elevator
Dis:7:    iron_city_of_dis [dis_grunt, dis_wall_1], layout_chaotic_city,
          nicolae_dis_lava_storage_tank, hangedman_dis_chains
Geh:1:    layout_gehenna_pools_triple
Geh:2:    layout_gehenna_pools_triple
Geh:3:    layout_gehenna_lava_caves
Geh:4:    layout_gehenna_pools_triple
Geh:5:    layout_gehenna_lava_caves, lemuel_elevator
Geh:6:    layout_gehenna_pools_basic, nicolae_geh_sunburst,
          hangedman_gehenna_grave_pits
Geh:7:    geh_mu
Coc:1:    layout_cocytus_water_paths
Coc:2:    layout_cocytus_water_paths, lemuel_elevator
Coc:3:    layout_ice_bergs
Coc:4:    layout_ice_bergs, door_vault
Coc:5:    layout_cocytus_delve, nicolae_coc_ice_floe
Coc:6:    layout_ice_bergs
Coc:7:    coc_mu
Tar:1:    layout_grid_maze, evilmike_ambush [evilmike_ambush_outer_corners,
          evilmike_ambush_inner_basic]
Tar:2:    layout_cathedral_of_symmetry, lemuel_nasty_fountain,
          grunt_megastairs_3
Tar:3:    layout_honeycomb
Tar:4:    layout_grid_maze
Tar:5:    layout_catacombs
Tar:6:    layout_grid_maze
Tar:7:    tar_minmay_river
Zot:1:    layout_onion_interference, skrybe_zot_glass_3, grunt_megastairs_1
Zot:2:    lemuel_draconian_sentries, layout_gridlike
Zot:3:    hangedman_zot_vaults_quadrants, layout_onion_interference,
          grunt_ministairs_4, hangedman_zot_wheel_spokes,
          st_small_dragon_hoard_4
Zot:4:    kennysheep_six_static_rooms, layout_gridlike, amethyst_zot_foddershock
Zot:5:    layout_cathedral_of_symmetry
Pan:      evilmike_holy_pan, regret_index_pan_draining_boxed, layout_small_grid,
          pan_blood_fountain, evilmike_mini_pan_V, layout_gridlike,
          pan_blood_fountain, nicolae_pan_sigil_obb, gammafunk_its_a_trap,
          layout_grid_shapes, pan_blood_fountain_2, nicolae_pan_mnolegish_1,
          nicolae_pan_sigil_obb, evilmike_mnoleg_eyes, layout_irregular_city,
          lom_lobon_st, layout_basic, pan_blood_fountain_small,
          grunt_pan_frozen_over, layout_irregular_city, uniq_lom_lobon,
          uniq_mnoleg, reaverb_pan_figure_eight, evilmike_mini_pan_branches,
          layout_onion_city, uniq_lom_lobon, evilmike_mini_pan_doors_b,
          layout_chambers, uniq_mnoleg, pan_blood_fountain_small, cerebov_grunt,
          layout_grid_shapes, pan_blood_fountain_small,
          nicolae_pan_door_chamber, layout_pan_divisions_a
          [pan_division_quadrant_a4, pan_division_quadrant_a3,
          pan_division_quadrant_a3, pan_division_quadrant_a4,
          pan_division_octagon_box], pan_blood_fountain_small,
          reaverb_pan_squares, gloorx_vloq_st, layout_rooms,
          pan_blood_fountain_small, pan_blood_fountain_2,
          nicolae_pan_sigil_uleosi, rand_demon_2, layout_cellular_growth,
          uniq_mnoleg, uniq_gloorx_vloq, pan_blood_fountain_small, rand_demon_4,
          layout_gridlike, rand_demon_1, layout_gridlike, pan_blood_fountain,
          uniq_gloorx_vloq, uniq_mnoleg, pan_blood_fountain_2,
          nicolae_pan_mnolegish_2, rand_demon_2, layout_cellular_growth,
          evilmike_mini_pan_doors, layout_grid_shapes, uniq_gloorx_vloq,
          rand_demon_1, layout_basic, uniq_lom_lobon, uniq_ignacio,
          evilmike_mini_pan_layers, layout_cross, uniq_gloorx_vloq,
          uniq_ignacio, nicolae_pan_double_arrow, layout_gridlike,
          uniq_lom_lobon, nicolae_pan_sigil_itan, grunt_pan_in_and_out,
          layout_gridlike, pan_blood_fountain, uniq_gloorx_vloq

Skill      XL: |  1  2  3  4  5  6  7  8  9 10 11 12 13 14 15 16 17 18 19 20 21 22 23 24 25 26 27 |
---------------+----------------------------------------------------------------------------------+-----
Dodging        | 3 4 5 6 8 10 11 12 13 15 16 18 19 21 23 27 | 27.0
Fighting       | 1 2 3 4 5 7 8 9 10 11 12 13 14 16 19 20 21 | 21.6
Hexes          | 5 6 7 8 9 10 | 10.0
Stealth        | 5 6 8 9 11 12 13 14 15 17 18 19 20 22 | 22.2
Unarmed Combat | 2 3 4 5 6 10 12 16 27 | 27.0
Spellcasting   | 3 4 5 7 8 9 11 12 13 14 16 19 | 19.0
Earth Magic    | 4 5 6 7 8 10 11 12 14 17 19 21 22 | 22.9
Conjurations   | 4 5 6 7 8 10 11 12 17 | 17.6
Transmutations | 4 5 20 | 20.0
Air Magic      | 10 22 | 22.2
Ice Magic      | 20 | 20.0
Necromancy     | 25 | 25.9

Action                   |  1- 3 |  4- 6 |  7- 9 | 10-12 | 13-15 | 16-18 | 19-21 | 22-24 | 25-27 || total
-------------------------+-------+-------+-------+-------+-------+-------+-------+-------+-------++-------
Melee: Unarmed           |   131 |   242 |   499 |   807 |  1412 |  1027 |  1632 |   631 |  6207 || 12588
       Bite              |     8 |    19 |    35 |    81 |   149 |   117 |   205 |    58 |   642 ||  1314
       Punch             |       |     3 |    12 |    18 |    40 |    34 |    43 |    14 |   499 ||   663
 Cast: Corona            |    20 |    17 |    18 |    21 |    29 |     2 |       |       |       ||   107
       Ensorcelled Hiber |    25 |    26 |     6 |    52 |     1 |       |       |       |       ||   110
       Confusing Touch   |     1 |    25 |    57 |   152 |   269 |   180 |   230 |    17 |       ||   931
       Tukima's Dance    |       |     6 |    23 |     4 |    14 |    13 |     9 |     3 |       ||    72
       Blink             |       |       |       |     8 |     2 |     1 |     3 |       |       ||    14
       Iron Shot         |       |       |       |     9 |   199 |   300 |   395 |   528 |   897 ||  2328
       Orb of Destructio |       |       |       |    44 |   160 |    81 |   154 |    88 |   164 ||   691
       Statue Form       |       |       |       |       |       |       |    92 |    83 |   549 ||   724
       Invisibility      |       |       |       |       |       |       |     5 |       |       ||     5
       Lee's Rapid Decon |       |       |       |       |       |       |     1 |     2 |     5 ||     8
       Shatter           |       |       |       |       |       |       |       |    29 |   546 ||   575
       Tornado           |       |       |       |       |       |       |       |       |     2 ||     2
Invok: Curse Item        |       |       |     1 |     2 |       |       |       |     1 |     2 ||     6
       Shatter the Chain |       |       |       |       |       |       |       |     1 |     2 ||     3
 Abil: End Transformatio |       |       |       |       |       |       |     1 |     1 |       ||     2
Evoke: Wand              |       |       |       |       |    12 |       |       |       |     3 ||    15
  Use: Potion            |       |     2 |       |     4 |     9 |     3 |    11 |     3 |    41 ||    73
       Scroll            |       |       |       |     4 |     7 |     2 |     3 |     5 |    45 ||    66
 Stab: Sleeping          |    29 |    20 |    13 |    29 |    65 |    58 |    88 |    39 |    69 ||   410
       Confused          |     1 |    21 |    49 |   123 |   210 |   181 |   209 |     9 |       ||   803
       Distracted        |       |       |       |     2 |     1 |     3 |     3 |     3 |    38 ||    50
       Invisible         |       |       |       |       |       |       |     1 |       |       ||     1
Armor: Skin              |     4 |     5 |     4 |    13 |    19 |    10 |   296 |   241 |  1471 ||  2063
Dodge: Dodged            |    94 |   171 |   349 |   678 |  1411 |  1053 |  2929 |  2826 | 13804 || 23315
Block: Other             |       |       |    15 |   143 |   266 |   186 |   432 |    88 |       ||  1130
       Reflection        |       |       |       |     1 |     7 |    23 |    19 |    23 |       ||    73

Table legend: (Time is in decaauts)
 A = Elapsed time spent in this place.
 B = Non-inter-level travel time spent in this place.
 C = Inter-level travel time spent in this place.
 D = Time resting spent in this place.
 E = Time spent auto-exploring this place.
 F = Levels seen in this place.
 G = Mean time per level.
                   A        B        C        D        E       F      G
               +--------+--------+--------+--------+--------+-----+--------+
         Total | 204613 | 171983 |  32630 |  37645 |  80846 | 117 | 1748.8 |
       Dungeon |  25125 |  19221 |   5904 |   2817 |  10393 |  15 | 1675.0 |
        Temple |    152 |    138 |     14 |      0 |    134 |   1 |  152.0 |
          Lair |  19375 |  16030 |   3345 |   6659 |   5523 |   6 | 3229.2 |
         Swamp |   9190 |   8054 |   1136 |   1978 |   4918 |   4 | 2297.5 |
   Spider Nest |   9963 |   8299 |   1664 |   2255 |   3680 |   4 | 2490.8 |
    Slime Pits |   5507 |   4649 |    858 |   1836 |   1817 |   5 | 1101.4 |
  Orcish Mines |   3640 |   3030 |    610 |    124 |   1951 |   2 | 1820.0 |
   Elven Halls |   6519 |   5712 |    807 |    172 |   4174 |   3 | 2173.0 |
        Vaults |  24234 |  20491 |   3743 |   5673 |   9530 |   5 | 4846.8 |
         Crypt |  13336 |  12068 |   1268 |   7818 |   2494 |   3 | 4445.3 |
          Tomb |   6716 |   4844 |   1872 |    836 |   2375 |   3 | 2238.7 |
        Depths |  17913 |  15486 |   2427 |   3825 |   7640 |   5 | 3582.6 |
          Hell |   3158 |   2867 |    291 |   2118 |    367 |   1 | 3158.0 |
           Dis |  10151 |   8689 |   1462 |      0 |   5658 |   7 | 1450.1 |
       Gehenna |   9779 |   7767 |   2012 |    101 |   4261 |   7 | 1397.0 |
       Cocytus |  16042 |  13329 |   2713 |    471 |   7240 |   7 | 2291.7 |
      Tartarus |   3575 |   2646 |    929 |      0 |    775 |   7 |  510.7 |
           Zot |   6028 |   4461 |   1567 |    536 |   2500 |   5 | 1205.6 |
         Abyss |     52 |     52 |      0 |      0 |      0 |   1 |   52.0 |
   Pandemonium |   9846 |   9846 |      0 |    347 |   3103 |  21 |  468.9 |
        Bazaar |    343 |    343 |      0 |      0 |     54 |   2 |  171.5 |
        Bailey |    790 |    790 |      0 |      0 |    558 |   1 |  790.0 |
       Volcano |    168 |    168 |      0 |      0 |      0 |   1 |  168.0 |
        Wizlab |   3003 |   3003 |      0 |     74 |   1693 |   1 | 3003.0 |
               +--------+--------+--------+--------+--------+-----+--------+

Top non-repeatable levels by time:
 Crypt:3: 10241 daAuts
Vaults:4: 8803 daAuts
Depths:1: 5521 daAuts
Depths:3: 5245 daAuts
  Lair:5: 5241 daAuts
  Tomb:1: 4592 daAuts
  Lair:3: 4580 daAuts
   Coc:7: 4355 daAuts
   Elf:3: 4340 daAuts
   Coc:4: 4141 daAuts
 Swamp:4: 4084 daAuts
Vaults:2: 3981 daAuts
Vaults:1: 3972 daAuts
Spider:4: 3948 daAuts
  Lair:4: 3802 daAuts
